 Dungeon Crawl Stone Soup version 0.19-a0-1704-gbd66c22 (webtiles) character file.

1227884 Huckle the Ninja (level 25, -1/210 HPs)
             Began as a Felid Transmuter on Aug 5, 2016.
             Was the Champion of Ru.
             Killed from afar by a Brimstone Fiend (39 damage)
             ... with damnation
             ... created by the effects of Hell
             ... on level 7 of Gehenna on Sept 27, 2016.
             The game lasted 1 day 00:15:48 (129363 turns).

Huckle the Ninja (Felid Transmuter)           Turns: 129363, Time: 1 , 00:15:52

Health: -1/210     AC: 17    Str: 28    XL:     25
Magic:  6/52       EV: 32    Int: 21    God:    Ru [******]
Gold:   6018       SH:  0    Dex: 28    Spells: 13 memorised, 1 level left
                                        Lives:  0   Deaths: 11

rFire  + + +     SeeInvis +       - Unarmed
rCold  . . .     Gourm    .     (armour unavailable)
rNeg   + + .     Faith    .     (shield unavailable)
rPois  +         Spirit   .     (helmet unavailable)
rElec  .         Dismiss  .     (cloak unavailable)
rCorr  .         Reflect  .     (gloves unavailable)
MR     +++..     Harm     .     (boots unavailable)
Stlth  +++++..... Clarity  +    b - amulet of Gyellik {+Rage rF+ Str+2 Dex+5}
                                F - ring of Greater Demons {+Fly rC+ rN+ SInv}
                                x - ring "Gugustek" {rN+ Int+5 Slay+5 Stlth-}

@: mighty, agile, exhausted, dragon-form, dragon's call, flying, very slightly
contaminated, studying Ice Magic, deflect missiles
A: no armour, no weapons or thrown items, (claws 0), (fangs 0), see invisible,
carnivore 3, clarity, dopey 1, (speed 0), (shaggy fur 0), slow metabolism 1,
weak 1, inability to use devices, reduced EV 1, MP-powered wands, inexperienced
1, (sharp paws), missing an eye
a: End Transformation, Draw Out Power, Power Leap, Apocalypse, Renounce
Religion, Breathe Fire
}: 14/15 runes: decaying, slimy, silver, golden, iron, obsidian, bone, abyssal,
demonic, glowing, magical, fiery, dark, gossamer


You were on level 7 of Gehenna.
You worshipped Ru.
Ru was exalted by your worship.
You were not hungry.
You were a fearsome dragon!
You visited 17 branches of the dungeon, and saw 83 of its levels.
You visited Pandemonium 2 times, and saw 30 of its levels.
You visited the Abyss 1 time.
You visited 2 ziggurats, and saw 35 of their levels (deepest: 18).
You also visited: Ossuary and Ice Cave.

You collected 13051 gold pieces.
You spent 7033 gold pieces at shops.

Inventory:

Jewellery
 b - the amulet of Gyellik (around neck) {+Rage rF+ Str+2 Dex+5}
   (You found it on level 13 of a ziggurat)

   [amulet of rage]

   It affects your strength (+2).
   It affects your dexterity (+5).
   It protects you from fire.
   It lets you go berserk.
 l - the amulet "Riradd" {rN++ Regen+ Dex+2}
   (You found it on level 7 of Tartarus)

   [amulet of regeneration]

   It affects your dexterity (+2).
   It greatly protects you from negative energy.
   It increases your rate of regeneration.
 m - the ring of Ykhloid {+Fly rN++ Stlth+}
   (You found it on level 7 of the Iron City of Dis)

   [ring of flight]

   It greatly protects you from negative energy.
   It lets you fly.
   It makes you more stealthy.
 o - the ring of the Raven {*Drain +Blink Str-4 Int+7 Slay+4 Stlth-}
   (You found it on level 7 of Gehenna)

   [ring of loudness]

   It affects your strength (-4).
   It affects your intelligence (+7).
   It affects your accuracy and damage with ranged weapons and melee attacks
   (+4).
   It lets you blink.
   It causes draining when unequipped.
   It makes you less stealthy.
 x - the ring "Gugustek" (left foreclaw) {rN+ Int+5 Slay+5 Stlth-}
   (You acquired it on level 2 of the Orcish Mines)

   [ring of slaying]

   It affects your intelligence (+5).
   It affects your accuracy and damage with ranged weapons and melee attacks
   (+5).
   It protects you from negative energy.
   It makes you less stealthy.
 B - the amulet "Vocos" {Reflect *Slow rC++ SH+2}
   (You found it on level 12 of a ziggurat)

   [amulet of reflection]

   It shields you and reflects attacks.
   It greatly protects you from cold.
   It may slow you when you take damage.
   It affects your SH (+2).
 F - the ring of Greater Demons (right foreclaw) {+Fly rC+ rN+ SInv}
   (You took it off an orc knight on level 3 of the Vaults)

   [ring of protection from cold]

   It protects you from cold.
   It protects you from negative energy.
   It lets you see invisible.
   It lets you fly.
 H - the amulet of Vitality {Regen+ HP+15}
   (You found it on level 11 of a ziggurat)

   [amulet of regeneration]

   It affects your health (+15).
   It increases your rate of regeneration.
 Q - the ring of Baruru {rF+ rC+ EV+3 Stlth+}
   (You found it on level 10 of a ziggurat)

   [ring of evasion]

   It affects your evasion (+3).
   It protects you from fire.
   It protects you from cold.
   It makes you more stealthy.
 X - the ring of Robustness {AC+8}
   (You found it on level 16 of a ziggurat)

   [ring of protection]

   It affects your AC (+8).
 Y - an uncursed ring of resist corrosion
Scrolls
 a - 9 scrolls of amnesia
 e - 6 scrolls of fear
 f - 34 scrolls of teleportation
 h - 2 scrolls of summoning
 s - 42 scrolls of remove curse
 y - 9 scrolls of magic mapping
 M - 52 scrolls of identify
 P - 13 scrolls of blinking
 U - 6 scrolls of silence
 V - 10 scrolls of fog
 Z - 6 scrolls of holy word
Potions
 d - 13 potions of flight
 g - 2 potions of might
 i - 3 potions of curing
 n - 7 potions of resistance
 p - 2 potions of cancellation
 q - a potion of magic
 r - 2 potions of agility
 v - 10 potions of brilliance
 C - 9 potions of haste
 N - 4 potions of invisibility
 R - 4 potions of berserk rage
Books
 k - a manual of Ice Magic
 t - a book of Annihilations

   Spells                             Type                      Level
   a - Poison Arrow                   Conjuration/Poison           6
   b - Chain Lightning                Conjuration/Air              8
   c - Lehudib's Crystal Spear        Conjuration/Earth            8
   d - Glaciate                       Conjuration/Ice              9
   e - Fire Storm                     Conjuration/Fire             9
 u - the Grimoire of the Traveller
   (You found it on level 7 of Tartarus)

   Spells                             Type                      Level
   a - Recall                         Summoning/Translocation      3
   b - Teleport Other                 Translocation                3
   c - Summon Forest                  Summoning/Translocation      5
 w - Sif Muna's Volume of the Unholy Glacier
   (You found it on level 7 of the Iron City of Dis)

   Spells                             Type                      Level
   a - Animate Skeleton               Necromancy                   1
   b - Throw Frost                    Conjuration/Ice              2
   c - Ensorcelled Hibernation        Hexes/Ice                    2
   d - Sublimation of Blood           Necromancy                   2
   e - Regeneration                   Charms/Necromancy            3
   f - Control Undead                 Necromancy                   4
   g - Ozocubu's Refrigeration        Ice                          6
Comestibles
 c - 51 meat rations
 j - 11 beef jerkies


   Skills:
 O Level 27 Fighting
 O Level 27 Dodging
 O Level 27 Stealth
 O Level 27 Unarmed Combat
 + Level 24.0 Spellcasting
 - Level 12.0 Hexes
 - Level 17.5 Charms
 O Level 27 Summonings
   Level 15.5 Necromancy
 - Level 21.2 Translocations
 - Level 22.0 Transmutations
 - Level 7.6 Earth Magic


You had one spell level left.
You knew the following spells:

 Your Spells              Type           Power        Failure   Level  Hunger
a - Dragon's Call         Summ           #######...   8%          9    #######
b - Dragon Form           Tmut           #######...   1%          7    ####...
c - Blade Hands           Tmut           #######...   0%          5    None
d - Ice Form              Ice/Tmut       ######..     1%          4    None
e - Statue Form           Tmut/Erth      ######...    1%          6    ##.....
f - Invisibility          Hex            ######..     1%          6    ##.....
g - Darkness              Hex            ######....   1%          6    ##.....
h - Yara's Violent Unrav  Hex/Tmut       #######...   1%          5    None
i - Blink                 Tloc           N/A          0%          2    None
j - Haste                 Chrm           #######.     1%          6    ##.....
m - Summon Butterflies    Summ           #######.     0%          1    None
n - Controlled Blink      Tloc           N/A          2%          8    ######.
o - Deflect Missiles      Chrm/Air       ######....   10%         6    ##.....


Dungeon Overview and Level Annotations

Branches:
Dungeon (15/15)            Temple (1/1) D:4            Lair (6/6) D:11
  Swamp (4/4) Lair:3       Spider (4/4) Lair:2        Slime (5/5) Lair:6
    Orc (2/2) D:12            Elf (3/3) Orc:2        Vaults (5/5) D:13
  Crypt (3/3) Vaults:2       Tomb (3/3) Crypt:3      Depths (5/5) D:15
   Hell (1/1)                 Dis (7/7) Hell            Geh (7/7) Hell
    Coc (0/7) Hell            Tar (7/7) Hell            Zot (5/5) Depths:5

Altars:
Ashenzari
Cheibriados
Dithmenos
Elyvilon
Gozag
Kikubaaqudgha
Nemelex Xobeh
Okawaru
Qazlal
Ru
Sif Muna
Trog
Uskayaw
Xom
Yredelemnul
Zin
The Shining One
Jiyva

Shops:
D:5 ?   D:14 }   Orc:2 [}%?   Elf:1 !}(}   Vaults:2 }   Vaults:3 *
Vaults:5 %%!???!%   Depths:3 [:

Portals:
Hell: Depths:1 Depths:2 Depths:3 Depths:4 Depths:5
Abyss: Depths:3 Depths:4 Depths:5
Pandemonium: Orc:2 Depths:2 Depths:3
Trove: D:13 (give 13 potions of heal wounds)


Innate Abilities, Weirdness & Mutations

You cannot wear armour.
You are incapable of wielding weapons or throwing items.
((You have sharp claws.))
((You have razor-sharp teeth.))
You have supernaturally acute eyesight. (SInv)
You are carnivorous and can eat meat at any time.
((You cover ground quickly.))
((Your thick and shaggy fur keeps you warm. (AC +3, rC+)))
You have a slow metabolism.
You are weak. (Str -2)
You cannot study or use magical devices.
You have somewhat slow reflexes. (EV -3)
You are somewhat inexperienced. (-2 XL)
((Your sharp claws are effective at attacking unaware monsters.))
You are missing an eye, making it more difficult to aim.
You possess an exceptional clarity of mind.
You are dopey. (Int -2)
You expend magic power (3 MP) to strengthen your wands.


Message History

You feel yourself slow down.
You hear a hideous shriek!
You pick up the obsidian rune and feel its power.
You now have 14 runes.
Press } to see all the runes you have collected. "Trespassers are not welcome here!"
A Brimstone Fiend comes into view.
You swap places.
A dragon arrives to answer your call!
Your storm dragon disappears in a puff of smoke!
Your storm dragon barely misses the Brimstone Fiend.
Your storm dragon closely misses the Brimstone Fiend.
Your storm dragon tramples the Brimstone Fiend but does no damage.
You swap places.
Your fire dragon disappears in a puff of smoke!
Your storm dragon bites the Brimstone Fiend but does no damage.
Your storm dragon claws the Brimstone Fiend!
Your storm dragon tramples the Brimstone Fiend but does no damage.
The Brimstone Fiend gestures at you.
The sphere of damnation explodes!
The damnation engulfs you!
You die...

* *,+*****#####* ###########'.# *
*+++**,,.....* #.......##'''# *
**+,**,8....'####'....8.##.'## *
**,,**,,...'''..')§)....##..## *
*,,,**,,,,##'....'##....##...#
*,,,**,,,**###''#####...##..)#
***,,,**,,+**###''#####'..##...##
,++,,,**,+++*#..§.§.##'''.##...''
,++,,,****+,*#.§D.§.##$'####...'÷
,****** *,,*#.DD1§.##))# ######
,****** *,,*#....D.##".# ######
,++,,,****+,*#.$.$$.##$'####...)'
,++,,,**,+++*#.$.)$$##'†'.##...''
***,,,**,,+**##########'..##...##
*,,,**,,,***#########...##...# *
*,,,**,,,,**+$..$'##....##...# *
**,,**,,,,,+++|)''')....##..##


You could see a Brimstone Fiend, a friendly shadow dragon, a friendly storm
dragon and a friendly quicksilver dragon.

Vanquished Creatures
  Cerebov (Pan)
  Asmodeus (Geh:7)
  the Royal Jelly (Slime:5)
  Gloorx Vloq (Pan)
  the Serpent of Hell (Geh:7)
  Ereshkigal (Tar:7)
  The ghost of Ishikai the Metallomancer, a legendary DgEE (Hell)
  Mnoleg (Pan)
  Lom Lobon (Pan)
  Dispater (Dis:7)
  15 orbs of fire
  13 ancient liches
  Mennas (Vaults:3)
  25 greater mummies
  6 pandemonium lords
  3 shard shrikes
  3 Killer Klowns
  15 golden dragons
  A curse toe (Zot:5)
  A profane servitor (Crypt:3)
  Geryon (Hell)
  Nikola (Vaults:1)
  12 bone dragons
  the Enchantress (D:15)
  7 doom hounds
  16 Tzitzimimeh
  5 iron giants (Dis:7)
  10 Brimstone Fiends
  13 electric golems
  Rupert (D:12)
  16 liches
  23 tentacled monstrosities
  5 Ice Fiends
  10 titans
  24 Orb Guardians (Zot:5)
  12 Hell Sentinels
  2 quicksilver dragons (Dis:7)
  An acid blob (shapeshifter) (Vaults:5)
  5 deep elf master archers
  A kraken (Abyss:4)
  19 acid blobs
  2 deep elf blademasters
  12 sphinxes
  29 Executioners
  2 eldritch tentacles (Tar:7)
  15 ancient champions
  3 thorn hunters
  8 tentacled starspawn
  11 tengu reavers
  Gastronok (D:10)
  6 death cobs
  Kirke (Spider:2)
  3 draconian monks
  15 shadow dragons
  19 storm dragons
  6 revenants
  A daeva (Abyss:3)
  5 greater nagas
  9 azure jellies
  30 vault wardens
  Roxanne (Spider:3)
  The ghost of bullock the Devastator, an adept TeAE of Vehumet (Elf:1)
  4 draconian scorchers
  15 fire giants
  Aizul (Depths:1)
  15 frost giants
  8 deep elf sorcerers
  7 draconian knights
  12 iron dragons
  36 balrugs
  13 draconian zealots
  16 ghost moths
  Louise (Depths:3)
  7 curse skulls
  An orc warlord (Zig:9)
  12 draconian shifters
  24 cacodemons
  2 caustic shrike zombies
  10 corrupters
  8 emperor scorpions
  A juggernaut zombie (Zig:15)
  6 warmongers
  3 deep elf elementalists
  17 war gargoyles
  14 ironheart preservers
  5 spriggan defenders
  13 draconian annihilators
  13 ghouls
  9 entropy weavers
  9 green draconians
  44 reapers
  29 very ugly things
  A caustic shrike skeleton (Zig:15)
  11 vampire knights
  4 deep elf demonologists
  8 draconian callers
  28 stone giants
  A stone giant (shapeshifter) (Zig:4)
  6 chaos champions
  12 black draconians
  8 blood saints
  16 white draconians
  12 yellow draconians
  5 black suns
  4 bennus
  11 mottled draconians
  Nessos (D:15)
  16 deep elf annihilators
  10 red draconians
  Snorg (Lair:5)
  9 purple draconians
  16 ettins
  15 lorocyprocas
  24 spark wasps
  23 blizzard demons
  4 eidola
  25 mummy priests
  8 deep elf high priests
  9 deep elf death magi
  4 death oozes
  17 green deaths
  2 merfolk javelineers
  18 jiangshi
  A merfolk impaler (Zig:13)
  28 yaktaur captains
  21 great orbs of eyes
  A great orb of eyes (shapeshifter) (Depths:3)
  17 fire dragons
  19 ice dragons
  3 quicksilver dragon zombies
  19 ogre magi
  17 hydras
  44 vault guards
  9 rakshasas
  3 monstrous demonspawn (Pan)
  7 quicksilver dragon skeletons
  13 centaur warriors
  4 hell beasts
  Erolcha (D:9)
  A naga warrior (Zig:11)
  2 ghost crabs
  An anaconda (Zig:11)
  2 anacondas (shapeshifter)
  5 merfolk aquamancers
  10 spriggan air magi
  A merfolk avatar (Zig:13)
  11 death knights
  3 catoblepae
  7 alligators
  6 satyrs
  19 small abominations
  19 death scarabs
  A hell hog (shapeshifter) (Abyss:4)
  10 deep troll shamans
  13 deep troll earth magi
  36 dancing weapons
  2 orc high priests (Orc:2)
  5 vampire magi
  27 deep elf knights
  24 soul eaters
  15 hell hogs
  3 naga sharpshooters
  7 storm dragon zombies
  8 tengu warriors
  11 spriggan berserkers
  17 thrashing horrors
  3 shock serpents (Zig:18)
  6 titan zombies
  64 sun demons
  An iron golem (Dis:3)
  16 hell knights
  92 skeletal warriors
  9 wretched stars
  4 titan skeletons
  27 sixfirhies
  5 iron trolls
  5 storm dragon skeletons
  24 shadow wraiths
  2 golden dragon zombies
  A salamander mystic (Zig:16)
  2 spatial maelstroms (Abyss:4)
  4 anaconda zombies
  15 wizards
  7 unseen horrors
  20 flayed ghosts
  3 sea snakes (Zig:13)
  30 deep trolls
  5 ghost moth zombies
  19 glowing orange brains
  7 torturous demonspawn
  A death drake (Tar:1)
  2 spark wasp zombies
  5 putrid demonspawn (Pan)
  12 swamp dragons
  A deep troll (shapeshifter) (Zig:17)
  2 naga ritualists (Zig:11)
  An unseen horror (shapeshifter) (Zig:17)
  5 gelid demonspawn
  18 infernal demonspawn
  27 shadow demons
  19 necromancers
  A spectral hydra (Depths:4)
  A death drake (shapeshifter) (Vaults:5)
  17 deep elf archers
  The ghost of whomadewhat the Skirmisher, a novice MiBe of Trog (D:6)
  11 golden dragon skeletons
  24 ironbrand convokers
  2 harpies (shapeshifter)
  3 orange crystal statues
  5 shambling mangroves
  21 phantasmal warriors
  24 orc knights
  3 shadow dragon zombies
  A mana viper (shapeshifter) (Zig:14)
  A tengu zombie (Depths:3)
  5 hill giants
  3 shadow dragon skeletons
  A sphinx zombie (Zig:15)
  3 stone giant zombies
  43 ugly things
  13 cyclopes
  3 anaconda skeletons
  35 orb spiders
  An orb spider (shapeshifter) (Vaults:2)
  4 harpies (Vaults:3)
  5 fire giant zombies
  Pikel (D:4)
  A tengu skeleton (Zig:15)
  8 shining eyes
  2 wolf spider zombies
  4 removed MONS_GRIFFONs
  A sphinx skeleton (Depths:3)
  10 orc sorcerers
  14 hornets
  44 wolf spiders
  A moth of wrath (shapeshifter) (Elf:2)
  6 frost giant zombies
  4 mana vipers
  32 moths of wrath
  8 oklob plants
  An iron dragon zombie (Tar:1)
  A hell hog skeleton (Crypt:2)
  6 fauns (Zig:16)
  A cyclops (shapeshifter) (Depths:3)
  8 manticores
  A shining eye (shapeshifter) (Elf:2)
  57 deep elf magi
  6 elephants (Lair:6)
  2 hornets (shapeshifter)
  3 worldbinders
  2 dire elephant zombies
  6 frost giant skeletons
  An octopode (shapeshifter) (Vaults:3)
  34 rust devils
  5 guardian serpents
  5 fire giant skeletons
  5 centaur zombies
  3 water nymphs (Zig:13)
  A black mamba (shapeshifter) (Elf:3)
  2 apocalypse crabs
  9 eyes of devastation
  2 iron dragon skeletons
  A spiny frog (shapeshifter) (Vaults:3)
  A titan simulacrum (Hell)
  26 spiny frogs
  12 black mambas
  6 molten gargoyles
  5 sirens (Zig:13)
  2 gargoyles
  4 naga magi
  4 ice statues
  A spectral swamp worm (Tar:7)
  5 ghosts (Tomb:1)
  8 stone giant skeletons
  30 vault sentinels
  45 smoke demons
  5 torpor snails
  27 orange demons
  A shock serpent skeleton (Geh:7)
  A dire elephant skeleton (Pan)
  A swamp worm zombie (Crypt:2)
  3 rime drakes
  A storm dragon simulacrum (Vaults:2)
  A catoblepas zombie (Geh:7)
  82 yaktaurs
  17 hellions
  2 kobold demonologists (D:15)
  8 efreet
  32 demonic crawlers
  4 tengu conjurers
  3 elf skeletons
  26 ice devils
  21 freezing wraiths
  31 hellwings
  34 tormentors
  An anaconda simulacrum (Depths:4)
  58 guardian mummies
  4 komodo dragons
  2 yellow draconian skeletons
  A purple draconian skeleton (Crypt:1)
  7 ancient zymes
  A harpy zombie (Crypt:2)
  A yaktaur skeleton (Vaults:4)
  3 hydra zombies
  8 tyrant leeches
  3 catoblepas skeletons
  37 red devils
  3 silent spectres (Tar:7)
  5 trolls
  58 jumping spiders
  A queen bee (Lair:5)
  10 polar bears
  A polar bear (shapeshifter) (Vaults:3)
  A jumping spider (shapeshifter) (Depths:3)
  A fire dragon zombie (Tar:3)
  5 meliai
  A wind drake (Zig:13)
  24 two-headed ogres
  9 merfolk (Zig:13)
  8 bog bodies
  A two-headed ogre (shapeshifter) (Zig:17)
  A shadow dragon simulacrum (Abyss:4)
  3 ice dragon zombies
  2 hydra skeletons
  2 slime creatures (shapeshifter)
  Grinder (D:4)
  2 minotaur zombies
  30 raiju
  2 snapping turtles (Zig:13)
  6 removed MONS_BOULDER_BEETLEs
  A wind drake (shapeshifter) (Depths:2)
  A minotaur skeleton (Tomb:3)
  129 slime creatures
  A meliai zombie (D:10)
  2 dream sheep (shapeshifter)
  A removed MONS_GRIFFON zombie (Crypt:1)
  2 fire giant simulacra
  3 ettin zombies
  A raiju (shapeshifter) (Zig:14)
  A sphinx simulacrum (Vaults:2)
  30 blink frogs
  Sigmund (D:4)
  A black mamba zombie (Dis:4)
  12 spriggans
  A human simulacrum (Vaults:4)
  11 air elementals
  A snapping turtle (shapeshifter) (D:13)
  A stone giant simulacrum (Vaults:3)
  27 tarantellas
  A redback (shapeshifter) (Vaults:5)
  74 redbacks
  2 spriggan zombies
  127 flying skulls
  A guardian serpent skeleton (Crypt:1)
  48 starcursed masses
  22 shadows
  39 ushabtiu
  7 vampires
  10 water elementals
  5 ettin skeletons
  An ice dragon skeleton (Crypt:2)
  61 large abominations
  34 wraiths
  45 yaks
  10 fire elementals
  A human (shapeshifter) (D:14)
  27 ynoxinuls
  2 basilisks (shapeshifter)
  4 basilisks
  6 wyverns
  4 fire dragon skeletons
  8 hippogriffs
  2 black mamba skeletons
  14 golden eyes
  2 steam dragons
  6 hogs
  24 chaos spawn
  28 neqoxecs
  5 hungry ghosts
  Eustachio (D:5)
  A hippogriff (shapeshifter) (Elf:3)
  Grum (D:8)
  20 vampire mosquitoes
  A mottled dragon (Vaults:2)
  Edmund (D:6)
  24 wargs
  A glowing shapeshifter zombie (Crypt:1)
  22 swamp worms
  A mottled dragon (shapeshifter) (Depths:1)
  A deep troll zombie (Vaults:3)
  5 hydra simulacra
  2 nagas (Zig:11)
  19 insubstantial wisps
  27 water moccasins
  30 hell hounds
  5 spectral spriggans (Depths:4)
  4 floating eyes
  A minotaur simulacrum (Depths:4)
  2 spectral trolls (Depths:4)
  8 porcupines
  4 slaves (D:4)
  6 phantoms
  56 orc warriors
  4 snapping turtle zombies
  An eye of draining (shapeshifter) (Vaults:5)
  5 ice beasts
  33 wasps
  2 spiny frog skeletons
  5 sky beasts
  9 swamp drakes
  16 black bears
  51 ogres
  7 eyes of draining
  21 necrophages
  A manticore skeleton (Abyss:3)
  8 snapping turtle skeletons
  10 boggarts
  3 swamp dragon zombies
  21 wolves
  48 centaurs
  8 crocodiles
  A swamp dragon skeleton (Crypt:2)
  19 bullfrogs
  The ghost of eragonby the Conjurer, an amateur DECj (D:3)
  2 human zombies
  Blork the orc (D:5)
  9 big kobolds
  8 elf zombies
  A bullfrog (shapeshifter) (Vaults:5)
  An earth elemental (Orc:2)
  4 gnoll sergeants (D:12)
  A spiny frog simulacrum (Hell)
  3 scorpions
  A water moccasin zombie (Crypt:2)
  A troll zombie (Tar:3)
  A swamp dragon simulacrum (Crypt:3)
  7 spectral nagas (Depths:4)
  A spectral ogre (Depths:4)
  15 killer bees
  A spriggan skeleton (Geh:6)
  6 howler monkeys
  A troll skeleton (Crypt:2)
  22 wights
  3 spectral centaurs (Depths:4)
  3 electric eels
  25 crimson imps
  4 quasits
  A draconian simulacrum (IceCv)
  18 hounds
  6 jellies
  2 bullfrog zombies
  Crazy Yiuf (D:5)
  A gnoll shaman (D:9)
  33 orc priests
  7 centaur skeletons
  21 iron imps
  8 iguanas
  32 orc wizards
  2 human skeletons
  3 troll simulacra (IceCv)
  15 worker ants
  5 hell rats
  A lightning spire (Zig:9)
  21 removed MONS_SHEEPs
  A centaur simulacrum (IceCv)
  2 big kobold zombies (Ossuary)
  A demigod skeleton (Crypt:2)
  A hound skeleton (D:5)
  75 mummies
  2 worker ant zombies (D:4)
  21 adders
  8 gnolls
  3 ogre simulacra (IceCv)
  26 river rats
  2 naga simulacra (IceCv)
  12 shadow imps
  17 white imps
  A worker ant simulacrum (D:11)
  8 ufetubi
  An ooze (shapeshifter) (Vaults:3)
  2 oozes
  An iguana skeleton (Crypt:2)
  2 adder zombies (D:4)
  A worm (D:2)
  4 dart slugs
  A halfling skeleton (Crypt:2)
  8 leopard geckos
  112 orcs
  7 giant cockroaches
  A gnoll zombie (Crypt:1)
  8 goblins
  12 hobgoblins
  19 jackals
  3 quokkas
  5 bats
  15 frilled lizards
  A frilled lizard skeleton (Crypt:1)
  A giant cockroach zombie (D:4)
  A goblin zombie (D:8)
  3 hobgoblin zombies (Ossuary)
  2 jackal zombies
  25 kobolds
  2 kobold zombies
  A leopard gecko zombie (Crypt:1)
  2 orc skeletons
  2 orc zombies (Ossuary)
  3 quokka zombies
  8 rats
  A rat zombie (Ossuary)
  2 crawling corpses
  2 fungi
  A lurking horror (Abyss:3)
  5 plants
  5 starspawn tentacles
  4 tentacles (Abyss:4)
5475 creatures vanquished.

Vanquished Creatures (collateral kills)
  A Tzitzimitl (Tar:7)
  A Brimstone Fiend (Geh:7)
  A lorocyproca (Tar:7)
  An iron dragon zombie (Hell)
  An orange demon (Hell)
  A hellion (Geh:7)
6 creatures vanquished.

Vanquished Creatures (others)
  Dissolution (Slime:4)
  A curse toe (Zot:2)
  A Killer Klown (Zot:2)
  A golden dragon (Zot:1)
  An Orb Guardian (Zot:5)
  A quicksilver dragon (Vaults:5)
  An Executioner (Pan)
  A sphinx (Vaults:4)
  2 eldritch tentacles
  2 storm dragons
  A revenant (Crypt:1)
  A fire giant (Vaults:3)
  A vault warden (Vaults:3)
  2 draconian annihilators (Zig:15)
  A ghoul (Crypt:2)
  A stone giant (Depths:5)
  2 bennus
  A deep elf annihilator (Elf:3)
  A white draconian (Zot:2)
  A red draconian (Depths:5)
  A merfolk javelineer (Zig:13)
  A deep elf high priest (Elf:3)
  An ice dragon (Depths:4)
  A fire dragon (Zot:2)
  A yaktaur captain (Zig:16)
  A rakshasa (Pan)
  2 hydras
  A centaur warrior (D:15)
  An alligator (Swamp:4)
  28 death scarabs
  A hell hog (shapeshifter) (Zig:9)
  2 ogre magi
  An orc high priest (Orc:2)
  A thrashing horror (Abyss:3)
  A spriggan berserker (Depths:4)
  A shock serpent (shapeshifter) (Depths:3)
  A sun demon (Pan)
  A deep elf knight (Vaults:1)
  A deep troll (Depths:5)
  A shadow dragon zombie (Zig:15)
  A deep elf archer (Vaults:1)
  An ironbrand convoker (Vaults:4)
  2 orc knights
  2 orb spiders
  2 wolf spiders
  A moth of wrath (Zot:5)
  A deep elf mage (Elf:1)
  An orc sorcerer (Orc:2)
  A frost giant skeleton (Tomb:3)
  A vault sentinel (Vaults:5)
  An eye of devastation (shapeshifter) (Zig:9)
  2 rust devils (Dis:7)
  A human (Spider:3)
  A hellion (Tar:7)
  6 yaktaurs
  A meliai (Lair:5)
  A hydra zombie (Tomb:3)
  A tengu conjurer (Depths:3)
  A tyrant leech (Swamp:4)
  A jumping spider (Spider:4)
  3 two-headed ogres
  4 flying skulls (Tomb:2)
  A tarantella (Spider:4)
  3 redbacks
  A yak (Lair:4)
  An ushabti (Tomb:2)
  A golden eye (Zig:7)
  A neqoxec (Pan)
  A swamp worm (Swamp:2)
  An eye of draining (Depths:3)
  3 orc warriors
  A necrophage (Zig:8)
  A boggart (Depths:1)
  2 ogres
  4 centaurs
  A snapping turtle skeleton (Tomb:3)
  2 hounds (Lair:6)
  An orc priest (Orc:2)
  A hell rat (Hell)
  3 mummies (Tomb:2)
  A shadow imp (Tar:1)
  2 ball lightnings (Pan)
  2 orcs
  A quokka (D:4)
  A leopard gecko zombie (D:4)
  17 fungi
  40 plants
  28 starspawn tentacles
  3 tentacles (Abyss:4)
233 creatures vanquished.

Grand Total: 5714 creatures vanquished

Notes
Turn   | Place    | Note
-------+----------+-------------------------------------------
     0 | D:1      | Huckle the Felid Transmuter began the quest for the Orb.
     0 | D:1      | Reached XP level 1. HP: 9/9 MP: 4/4
   440 | D:2      | Reached XP level 2. HP: 11/12 MP: 4/6
  1489 | D:1      | Reached XP level 3. HP: 13/15 MP: 7/7
  1495 | D:1      | Learned a level 3 spell: Spider Form
  2664 | D:2      | Reached XP level 4. HP: 15/19 MP: 0/8
  3268 | D:3      | Noticed eragonby's ghost (amateur DECj)
  3433 | D:3      | Found an oddly glowing altar of Pakellas.
  3433 | D:3      | Noticed a hungry ghost
  3506 | D:3      | Reached skill level 1 in Stealth
  3658 | D:3      | Reached XP level 5. HP: 22/22 MP: 4/9
  3666 | D:3      | Learned a level 5 spell: Blade Hands
  3731 | D:3      | Found a bloodstained altar of Trog.
  4656 | D:4      | Found a staircase to the Ecumenical Temple.
  4666 | Temple   | Entered the Ecumenical Temple
  4671 | Temple   | Became a worshipper of Ru the Awakened
  4888 | D:4      | Noticed Sigmund
  4943 | D:4      | Killed Sigmund
  4943 | D:4      | Gained mutation: You are covered in thick fur. (AC +2) [Felid growth]
  4943 | D:4      | Reached XP level 6. HP: 21/27 MP: 5/10
  5093 | D:4      | Noticed Grinder
  5140 | D:4      | Noticed a slave
  5140 | D:4      | Noticed a slave
  5141 | D:4      | Noticed Pikel
  5167 | D:4      | Killed a slave
  5254 | D:4      | Killed a slave
  5407 | D:4      | Noticed a slave
  5408 | D:4      | Noticed a slave
  5447 | D:4      | Killed a slave
  5462 | D:4      | Killed a slave
  5600 | D:4      | Killed Pikel
  5600 | D:4      | Reached skill level 5 in Unarmed Combat
  5600 | D:4      | Reached skill level 5 in Transmutations
  5600 | D:4      | Reached XP level 7. HP: 3/31 MP: 5/11
  5906 | D:5      | Entered Level 5 of the Dungeon
  6085 | D:5      | Noticed Eustachio
  6125 | D:5      | Killed Eustachio
  6201 | D:5      | Noticed Blork the orc
  6234 | D:5      | Killed Blork the orc
  6234 | D:5      | Reached XP level 8. HP: 12/36 MP: 7/12
  6567 | D:5      | Found an iron altar of Okawaru.
  6567 | D:5      | Found a stormy altar of Qazlal.
  6631 | D:5      | Found a runed door.
  6635 | D:5      | Noticed Crazy Yiuf
  6641 | D:5      | Killed Crazy Yiuf
  6842 | D:5      | Found Zuonetama's Magic Scroll Emporium.
  6865 | D:5      | Bought a scroll of identify for 28 gold pieces
  6865 | D:5      | Bought a scroll of identify for 28 gold pieces
  6865 | D:5      | Bought a scroll of identify for 28 gold pieces
  6865 | D:5      | Bought a scroll of identify for 28 gold pieces
  7168 | D:6      | Reached skill level 5 in Dodging
  7339 | D:6      | Found a snail-covered altar of Cheibriados.
  7544 | D:4      | Killed Grinder
  7544 | D:4      | Reached skill level 5 in Fighting
  7734 | D:4      | Reached skill level 5 in Stealth
  7742 | D:4      | Found a white marble altar of Elyvilon.
  7985 | D:3      | Killed eragonby's ghost
  8397 | D:6      | Noticed whomadewhat's ghost (novice MiBe)
  8464 | D:6      | Killed whomadewhat's ghost
  8464 | D:6      | Reached XP level 9. HP: 15/41 MP: 7/13
  8576 | D:6      | Noticed Edmund
  8588 | D:6      | Killed Edmund
  9393 | D:7      | Found a shimmering altar of Xom.
  9465 | D:7      | Found a glowing silver altar of Zin.
  9467 | D:7      | Found a basalt altar of Yredelemnul.
  9627 | D:8      | Found a sand-covered staircase.
  9641 | Ossuary  | Entered an ossuary
 10154 | D:8      | Noticed Gastronok
 10764 | D:9      | Reached XP level 10. HP: 47/47 MP: 14/14
 11186 | D:9      | Noticed Erolcha
 11254 | D:9      | Killed Erolcha
 11433 | D:9      | Learned a level 4 spell: Ice Form
 11534 | D:9      | Upgraded the game from 0.19-a0-1071-g4ed3155 to 0.19-a0-1079-g88a7474
 11594 | D:10     | Entered Level 10 of the Dungeon
 11994 | D:8      | Noticed Grum
 12178 | D:8      | Killed Grum
 12281 | D:10     | Killed Gastronok
 12281 | D:10     | Reached XP level 11. HP: 35/52 MP: 5/15
 12383 | D:10     | You fall through a shaft for 3 floors!
 12383 | D:13     | Noticed a hill giant
 12392 | D:13     | Gained mutation: You are missing an eye, making it more difficult to aim. [Ru sacrifice]
 12398 | D:13     | Noticed an ogre mage
 12403 | D:13     | Found a gate to the Vaults.
 12723 | D:12     | Noticed a hill giant
 12784 | D:12     | Killed a hill giant
 12969 | D:11     | Noticed a seven-headed hydra
 12991 | D:11     | Noticed a six-headed hydra
 13007 | D:11     | Killed a six-headed hydra
 13007 | D:11     | Reached skill level 10 in Transmutations
 13565 | D:10     | Noticed an unseen horror
 13571 | D:10     | Killed an unseen horror
 13571 | D:10     | Reached skill level 10 in Unarmed Combat
 14396 | D:11     | Found a staircase to the Lair.
 14432 | Lair:1   | Entered Level 1 of the Lair of Beasts
 14711 | D:11     | Reached skill level 10 in Fighting
 15095 | Lair:1   | Gained mutation: Your thick and shaggy fur keeps you warm. (AC +3, rC+) [Felid growth]
 15095 | Lair:1   | Reached XP level 12. HP: 58/58 MP: 16/16
 16117 | Lair:2   | Found a hole to the Spider Nest.
 16231 | Lair:2   | Reached skill level 5 in Spellcasting
 16260 | Lair:2   | Learned a level 6 spell: Statue Form
 16386 | Spider:1 | Entered Level 1 of the Spider Nest
 16416 | Lair:3   | Reached skill level 1 in Earth Magic
 16459 | Lair:3   | Found a frozen archway.
 16494 | IceCv    | Entered an ice cave
 17729 | Lair:3   | Gained mutation: You are somewhat inexperienced. (-2 XL) [Ru sacrifice]
 17729 | Lair:3   | Reached XP level 11. HP: 55/55 MP: 20/20
 17729 | Lair:3   | Reached XP level 10. HP: 51/51 MP: 19/19
 17729 | Lair:3   | Reached * piety under Ru
 17729 | Lair:3   | Reached ** piety under Ru
 17842 | Lair:3   | Noticed a spiny frog
 17856 | Lair:3   | Killed a spiny frog
 17856 | Lair:3   | Reached XP level 11. HP: 55/55 MP: 14/20
 17931 | Lair:3   | You fall through a shaft!
 18191 | Lair:4   | Noticed a catoblepas
 18217 | Lair:4   | Killed a catoblepas
 18257 | Lair:4   | Noticed an eight-headed hydra
 18897 | Lair:4   | Reached skill level 5 in Earth Magic
 18901 | Lair:4   | Identified a scroll of acquirement
 19440 | Lair:5   | HP: 1/71 [meliai/divine providence (13)]
 19466 | Lair:5   | HP: 3/82 [meliai/hand axe (6)]
 19765 | Lair:5   | Noticed Snorg
 19860 | Lair:5   | Killed Snorg
 20083 | Lair:5   | You fall through a shaft!
 20083 | Lair:6   | Entered Level 6 of the Lair of Beasts
 20083 | Lair:6   | Noticed a wolf spider
 20084 | Lair:6   | Reached XP level 12. HP: 58/58 MP: 21/21
 20305 | Lair:6   | Reached skill level 10 in Dodging
 20370 | Lair:6   | Reached skill level 10 in Stealth
 20751 | Lair:6   | Noticed a five-headed hydra
 20802 | Lair:6   | Killed a five-headed hydra
 20802 | Lair:6   | Reached XP level 13. HP: 63/63 MP: 16/22
 20979 | Lair:6   | Found a staircase to the Slime Pits.
 21469 | Lair:6   | Learned a level 6 spell: Invisibility
 21560 | Lair:6   | Reached skill level 1 in Hexes
 22108 | Lair:3   | Found a staircase to the Swamp.
 22113 | Lair:3   | Reached skill level 5 in Hexes
 22124 | Swamp:1  | Entered Level 1 of the Swamp
 23079 | D:12     | Gained mutation: Your magical capacity is low. (-10% MP) [mutagenic meat]
 23097 | D:12     | Noticed Rupert
 23111 | D:12     | Killed Rupert
 23111 | D:12     | Reached skill level 10 in Hexes
 23301 | D:12     | Found a staircase to the Orcish Mines.
 23335 | D:12     | Reached XP level 14. HP: 67/67 MP: 12/23
 23643 | D:5      | Bought a scroll of fear for 49 gold pieces
 23643 | D:5      | Bought a scroll of teleportation for 42 gold pieces
 23643 | D:5      | Bought a scroll of identify for 28 gold pieces
 23643 | D:5      | Bought a scroll of remove curse for 42 gold pieces
 23650 | D:5      | Bought a scroll of recharging for 133 gold pieces
 23650 | D:5      | Bought a scroll of summoning for 133 gold pieces
 23650 | D:5      | Bought a scroll of torment for 105 gold pieces
 24180 | D:13     | Annihilated by an enormous slime creature
 24181 | D:13     | Reached XP level 13. HP: -27/81 MP: 22/22
 24598 | D:13     | Gained mutation: You are partially covered in rough black scales. (AC +2, Dex -1) [mutagenic meat]
 24636 | D:13     | Found a sparkling altar of Nemelex Xobeh.
 24760 | D:13     | Found a portal to a secret trove of treasure.
 25161 | D:14     | Found Xydob's Gadget Shoppe.
 25826 | D:15     | Entered Level 15 of the Dungeon
 26181 | D:15     | Found a staircase to the Depths.
 26377 | D:15     | Reached XP level 14. HP: 69/69 MP: 16/23
 26397 | D:15     | Gained mutation: You are frail. (-10% HP) [mutagenic meat]
 26400 | D:15     | Gained mutation: Your flesh is heat resistant. (rF+) [mutagenic meat]
 26403 | D:15     | Gained mutation: You are occasionally teleported next to monsters. [mutagenic meat]
 26406 | D:15     | Lost mutation: Your flesh is heat resistant. (rF+) [potion of cure mutation]
 26406 | D:15     | Lost mutation: Your magical capacity is low. (-10% MP) [potion of cure mutation]
 26406 | D:15     | Lost mutation: You are partially covered in rough black scales. (AC +2, Dex -1) [potion of cure mutation]
 26406 | D:15     | Lost mutation: You are frail. (-10% HP) [potion of cure mutation]
 26793 | D:15     | Noticed Nessos
 26798 | D:15     | Killed Nessos
 27301 | Orc:1    | Entered Level 1 of the Orcish Mines
 27899 | Orc:2    | Entered Level 2 of the Orcish Mines
 28167 | Orc:2    | Found a staircase to the Elven Halls.
 28505 | Orc:2    | Gained mutation: You have somewhat slow reflexes. (EV -3) [Ru sacrifice]
 28505 | Orc:2    | Reached *** piety under Ru
 28682 | Elf:1    | Entered Level 1 of the Elven Halls
 28765 | Orc:2    | Found Azymn's Magic Scroll Shop.
 28827 | Orc:2    | Found Riarysmont's Food Boutique.
 28834 | Orc:2    | Bought a scroll of fear for 59 gold pieces
 28834 | Orc:2    | Bought a scroll of fog for 34 gold pieces
 28834 | Orc:2    | Bought a scroll of identify for 34 gold pieces
 29230 | Orc:2    | Found Kichax's Gadget Emporium.
 29230 | Orc:2    | Found a one-way gate leading to the halls of Pandemonium.
 29230 | Orc:2    | Found Etiliw's Antique Armour Shoppe.
 29292 | Orc:2    | Bought a scroll of remove curse for 51 gold pieces
 29409 | Orc:2    | Got a slimy steel ring
 29410 | Orc:2    | Identified the ring "Gugustek" {rN+ Int+5 Slay+5 Stlth-} (You acquired it on level 2 of the Orcish Mines)
 29412 | Orc:2    | Got a vibrating copper amulet
 29413 | Orc:2    | Identified the amulet "Vikkusol" {RegenMP rN+ Str+4} (You acquired it on level 2 of the Orcish Mines)
 29434 | Elf:1    | Noticed bullock's ghost (adept TeAE)
 29458 | Elf:1    | Killed bullock's ghost
 29623 | Elf:1    | Identified the Grimoire of Darkness
 29887 | Elf:1    | Reached XP level 15. HP: 61/74 MP: 17/26
 30385 | Elf:1    | Gained mutation: You cannot study or use magical devices. [Ru sacrifice]
 30385 | Elf:1    | Reached **** piety under Ru
 30385 | Elf:1    | Reached ***** piety under Ru
 30675 | Elf:1    | Found Vagiz's Weapon Shoppe.
 30678 | Elf:1    | Found Uclat's Gadget Shoppe.
 30678 | Elf:1    | Found Etzetyl's Distillery.
 30679 | Elf:1    | Found Ittalicw's Gadget Shoppe.
 30690 | Elf:1    | Bought a potion of curing for 48 gold pieces
 30690 | Elf:1    | Bought a potion of beneficial mutation for 560 gold pieces
 30690 | Elf:1    | Bought a potion of heal wounds for 80 gold pieces
 30690 | Elf:1    | Bought a potion of curing for 48 gold pieces
 30690 | Elf:1    | Bought a potion of cancellation for 128 gold pieces
 31040 | Elf:2    | Gained mutation: You tend to lose your temper in combat. [mutagenic meat]
 31043 | Elf:2    | Gained mutation: You are somewhat resistant to further mutation. [mutagenic meat]
 31086 | Elf:2    | Found an ancient bone altar of Kikubaaqudgha.
 31726 | Elf:2    | Noticed a deep elf blademaster
 31739 | Elf:2    | Found a runed gate.
 31739 | Elf:2    | Found a runed gate.
 31739 | Elf:2    | Found a runed gate.
 31827 | Elf:2    | Noticed a deep elf sorcerer
 31836 | Elf:2    | Killed a deep elf sorcerer
 32454 | Elf:2    | Killed a deep elf blademaster
 32509 | Elf:2    | Killed from afar by a deep elf mage
 32510 | Elf:2    | Reached XP level 14. HP: -8/72 MP: 25/25
 32521 | Elf:2    | Reached XP level 15. HP: 76/76 MP: 19/26
 33146 | Elf:3    | Entered Level 3 of the Elven Halls
 34222 | Elf:3    | Noticed a Tzitzimitl
 34252 | Elf:3    | Noticed a Hell Sentinel
 34268 | Elf:3    | Noticed a deep elf master archer
 34279 | Elf:3    | Killed a deep elf master archer
 34302 | Elf:3    | Noticed a deep elf blademaster
 34306 | Elf:3    | Killed a deep elf blademaster
 34310 | Elf:3    | Killed a ghostly deep elf blademaster
 34313 | Elf:3    | Reached skill level 15 in Fighting
 34314 | Elf:3    | Reached skill level 15 in Unarmed Combat
 34317 | Elf:3    | Noticed a deep elf sorcerer
 34322 | Elf:3    | Killed a deep elf sorcerer
 34329 | Elf:3    | Noticed a deep elf master archer
 34625 | Elf:3    | Noticed a deep elf sorcerer
 34629 | Elf:3    | Noticed a deep elf sorcerer
 34637 | Elf:3    | Killed a deep elf sorcerer
 34638 | Elf:3    | Noticed a deep elf blademaster
 34638 | Elf:3    | Killed a deep elf sorcerer
 34649 | Elf:3    | HP: 3/100 [deep elf annihilator/poison arrow (8)]
 34649 | Elf:3    | Slain by a deep elf blademaster
 34650 | Elf:3    | Reached XP level 14. HP: -1/94 MP: 17/25
 34720 | Elf:3    | Killed a deep elf master archer
 34720 | Elf:3    | Reached XP level 15. HP: 77/77 MP: 17/26
 34838 | Elf:3    | Noticed a deep elf master archer
 34854 | Elf:3    | Killed a deep elf master archer
 34993 | Elf:3    | Identified Irevvoympa's Papyrus of Floating Changing
 35785 | Spider:1 | Reached skill level 15 in Transmutations
 36181 | Spider:1 | Reached skill level 15 in Stealth
 37527 | Spider:3 | Noticed Kirke
 38399 | Spider:3 | Noticed Roxanne
 38675 | Spider:2 | Killed Kirke
 38675 | Spider:2 | Reached XP level 16. HP: 78/82 MP: 26/28
 38758 | Spider:3 | Killed Roxanne
 38806 | Spider:4 | Entered Level 4 of the Spider Nest
 40896 | Spider:4 | Got a gossamer rune of Zot
 41056 | Lair:3   | Learned a level 7 spell: Dragon Form
 41893 | Swamp:2  | Noticed a thorn hunter
 41897 | Swamp:2  | Killed a thorn hunter
 41898 | Swamp:2  | Reached XP level 17. HP: 87/87 MP: 24/31
 41912 | Swamp:2  | Lost mutation: You tend to lose your temper in combat. [potion of cure mutation]
 41912 | Swamp:2  | Lost mutation: You are somewhat resistant to further mutation. [potion of cure mutation]
 42595 | Swamp:3  | Lost mutation: You are occasionally teleported next to monsters. [potion of cure mutation]
 42596 | Swamp:3  | Gained mutation: You possess an exceptional clarity of mind. [potion of beneficial mutation]
 43205 | Swamp:3  | Reached skill level 15 in Dodging
 43376 | Swamp:4  | Entered Level 4 of the Swamp
 44127 | Swamp:4  | Reached skill level 10 in Spellcasting
 44474 | Swamp:4  | Got a decaying rune of Zot
 44815 | D:13     | Learned a level 6 spell: Darkness
 44817 | Vaults:1 | Entered Level 1 of the Vaults
 45687 | Vaults:1 | Noticed Nikola
 45695 | Vaults:1 | Killed Nikola
 45774 | Vaults:1 | Reached XP level 18. HP: 92/92 MP: 33/33
 47499 | Vaults:2 | Found a staircase to the Crypt.
 47575 | Crypt:1  | Entered Level 1 of the Crypt
 48631 | Vaults:2 | Found Senkekk's Gadget Shop.
 49379 | Vaults:2 | Upgraded the game from 0.19-a0-1079-g88a7474 to 0.19-a0-1107-gc676ff4
 50396 | Vaults:3 | Reached XP level 19. HP: 97/97 MP: 31/34
 50898 | Vaults:3 | Noticed a golden dragon
 50905 | Vaults:3 | Killed a golden dragon
 51228 | Vaults:3 | Got a vibrating bone ring
 51231 | Vaults:3 | Identified the ring of Tuhepexa {MR+ EV+2 Int+2 Slay+3} (You took it off an orc warrior on level 3 of the Vaults)
 51341 | Vaults:3 | Got a sparkling wooden ring
 51349 | Vaults:3 | Identified the ring of Greater Demons {+Fly rC+ rN+ SInv} (You took it off an orc knight on level 3 of the Vaults)
 51745 | Vaults:3 | Identified the Tome of Transformation and Evil
 51782 | Vaults:3 | Noticed Mennas
 51962 | Vaults:3 | Found Zaraus's Assorted Antiques.
 51970 | Vaults:3 | Bought a hardcover book for 405 gold pieces
 51970 | Vaults:3 | Bought a potion of invisibility for 216 gold pieces
 51970 | Vaults:3 | Bought a potion of heal wounds for 135 gold pieces
 51970 | Vaults:3 | Bought a scroll of identify for 54 gold pieces
 51970 | Vaults:3 | Bought a scroll of identify for 54 gold pieces
 52451 | Vaults:3 | Killed Mennas
 53093 | Vaults:4 | Reached XP level 20. HP: 57/103 MP: 35/35
 53164 | Vaults:4 | Hit by a large rock thrown by a stone giant
 53165 | Vaults:4 | Reached XP level 19. HP: -3/127 MP: 34/34
 55317 | Vaults:3 | Learned a level 2 spell: Passwall
 56142 | Crypt:1  | Learned a level 1 spell: Animate Skeleton
 56169 | Crypt:1  | Reached skill level 1 in Necromancy
 56970 | Crypt:1  | Reached XP level 20. HP: 104/104 MP: 27/35
 57297 | Crypt:2  | Gained mutation: You are weak. (Str -2) [Ru sacrifice]
 57297 | Crypt:2  | Reached ****** piety under Ru
 57910 | Crypt:2  | Reached skill level 5 in Necromancy
 58028 | Crypt:3  | Entered Level 3 of the Crypt
 59243 | Crypt:3  | Found a basalt altar of Yredelemnul.
 59764 | Crypt:3  | Noticed a profane servitor
 59778 | Crypt:3  | Killed a profane servitor
 59853 | Crypt:3  | Identified the Tome of Stolen Souls
 60014 | Crypt:3  | Identified the Tome of Malediction
 60164 | Crypt:3  | Noticed a bone dragon
 60176 | Crypt:3  | Killed a bone dragon
 60370 | Crypt:3  | Reached XP level 21. HP: 101/107 MP: 35/38
 60646 | Crypt:3  | Found a staircase to the Tomb.
 60717 | Crypt:3  | Got a clouded lead amulet
 60717 | Crypt:3  | Got a scorched lapis lazuli ring
 60722 | Crypt:3  | Upgraded the game from 0.19-a0-1107-gc676ff4 to 0.19-a0-1127-gac58878
 60722 | Crypt:3  | Identified the amulet "Rimaor" {+Inv rF- Regen+ Str+4 Dex+3} (You found it on level 3 of the Crypt)
 60723 | Crypt:3  | Identified the ring "Sobais" {rPois rN+ Int+7} (You found it on level 3 of the Crypt)
 60852 | Tomb:1   | Entered Level 1 of the Tomb of the Ancients
 61370 | Depths:1 | Entered Level 1 of the Depths
 62227 | Depths:1 | Noticed the Enchantress
 62254 | D:15     | Killed the Enchantress
 63012 | Depths:1 | Found a gateway to Hell.
 63331 | Depths:1 | Noticed Aizul
 63336 | Depths:1 | Killed Aizul
 63590 | Depths:1 | Reached skill level 10 in Necromancy
 64377 | Depths:2 | Noticed a golden dragon
 64380 | Depths:2 | Killed a golden dragon
 64752 | Depths:2 | Reached XP level 22. HP: 105/111 MP: 35/40
 65158 | Depths:3 | Noticed Louise
 65163 | Depths:3 | Found a one-way gate to the infinite horrors of the Abyss.
 65184 | Depths:3 | Killed Louise
 65718 | Depths:3 | Found a gateway to a ziggurat.
 65774 | Depths:3 | Found Igyta's Book Shop.
 65782 | Depths:3 | Bought a book of Enchantments for 1000 gold pieces
 65789 | Depths:3 | Learned a level 6 spell: Haste
 65789 | Depths:3 | Bought a book of Minor Magic for 400 gold pieces
 65792 | Depths:3 | Learned a level 2 spell: Repel Missiles
 65795 | Depths:3 | Learned a level 2 spell: Blink
 65795 | Depths:3 | Found Jozesk's Armour Shop.
 65905 | Depths:3 | Reached skill level 1 in Charms
 67304 | Depths:4 | Mangled by a five-headed hydra simulacrum
 67305 | Depths:4 | Reached XP level 21. HP: -10/160 MP: 38/39
 67329 | Depths:4 | Reached skill level 5 in Charms
 67958 | Depths:4 | Cast into level 3 of the Abyss (trident of distortion)
 67974 | Abyss:3  | Found a corrupted altar of Lugonu.
 68136 | Abyss:3  | Found a sparkling altar of Nemelex Xobeh.
 68482 | Abyss:3  | Reached XP level 22. HP: 70/112 MP: 40/40
 69401 | Abyss:3  | Found a corrupted altar of Lugonu.
 69422 | Abyss:4  | Found a corrupted altar of Lugonu.
 69538 | Abyss:4  | Gained mutation: Your spells are a little easier to cast, but a little less powerful. [a neqoxec]
 69542 | Abyss:4  | Gained mutation: You are very weak. (Str -4) [a neqoxec]
 69687 | Abyss:4  | HP: 4/114 [balrug/bolt of fire (28)]
 69723 | Abyss:4  | HP: 1/148 [smoke demon/divine providence (15)]
 70104 | Abyss:4  | Paralysed by accursed screaming for 1 turns
 70302 | Abyss:4  | Paralysed by accursed screaming for 1 turns
 70307 | Abyss:4  | Paralysed by accursed screaming for 1 turns
 70405 | Abyss:4  | Found a shattered altar of Ashenzari.
 70696 | Abyss:4  | Got an abyssal rune of Zot
 70997 | Depths:4 | Escaped the Abyss
 71047 | Depths:4 | Reached skill level 10 in Charms
 71388 | Depths:4 | Reached XP level 23. HP: 118/118 MP: 32/41
 71525 | Depths:4 | Noticed an ancient lich
 71534 | Depths:4 | Killed an ancient lich
 71534 | Depths:4 | Reached XP level 24. HP: 122/123 MP: 37/41
 71635 | Depths:5 | Entered Level 5 of the Depths
 72444 | Depths:5 | Found a snail-covered altar of Cheibriados.
 73015 | Depths:5 | Found a gate to the Realm of Zot.
 73145 | Depths:5 | Upgraded the game from 0.19-a0-1127-gac58878 to 0.19-a0-1168-g98094fc
 73145 | Depths:5 | Upgraded the game from 0.19-a0-1168-g98094fc to 0.19-a0-1442-g3b32ff5
 73155 | Depths:5 | Upgraded the game from 0.19-a0-1442-g3b32ff5 to 0.19-a0-1457-g32fba05
 73309 | Zot:1    | Entered Level 1 of the Realm of Zot
 74220 | Zot:1    | Reached XP level 25. HP: 121/127 MP: 39/42
 74264 | Zot:1    | Reached skill level 15 in Spellcasting
 75349 | Zot:2    | Noticed an orb of fire
 75356 | Zot:2    | Gained mutation: You are frail. (-10% HP) [an orb of fire]
 75361 | Zot:2    | Gained mutation: You expend magic power (3 MP) to strengthen your wands. [an orb of fire]
 75370 | Zot:2    | Killed an orb of fire
 75398 | Zot:2    | Noticed an orb of fire
 75408 | Zot:2    | Gained mutation: Your spells are easier to cast, but less powerful. [an orb of fire]
 75413 | Zot:2    | Killed an orb of fire
 77462 | Zot:3    | Noticed an orb of fire
 77474 | Zot:3    | Killed an orb of fire
 78225 | Zot:4    | Noticed an orb of fire
 78346 | Zot:4    | Gained mutation: Your body sometimes deteriorates upon taking damage. [an orb of fire]
 78355 | Zot:4    | Gained mutation: Your spells are much easier to cast, but much less powerful. [an orb of fire]
 78360 | Zot:4    | Killed an orb of fire
 78406 | Zot:4    | Noticed an orb of fire
 78418 | Zot:4    | Gained mutation: Your magical capacity is low. (-10% MP) [an orb of fire]
 78419 | Zot:4    | Killed an orb of fire
 78611 | Zot:5    | Entered Level 5 of the Realm of Zot
 78938 | Zot:5    | Identified Hyreuh's Tome of Exhibitionism
 79369 | Zot:5    | Noticed an orb of fire
 79395 | Zot:5    | Noticed an orb of fire
 79405 | Zot:5    | Gained mutation: You regenerate slowly when monsters are visible. [an orb of fire]
 79408 | Zot:5    | Killed an orb of fire
 79424 | Zot:5    | Killed an orb of fire
 79638 | Zot:5    | Noticed an ancient lich
 79643 | Zot:5    | Noticed an orb of fire
 79644 | Zot:5    | Noticed an orb of fire
 79644 | Zot:5    | Gained mutation: Your body often deteriorates upon taking damage. [an orb of fire]
 79659 | Zot:5    | Killed an ancient lich
 79665 | Zot:5    | Killed an orb of fire
 79672 | Zot:5    | Noticed an orb of fire
 79681 | Zot:5    | Gained mutation: You are very frail. (-20% HP) [an orb of fire]
 79682 | Zot:5    | Noticed an orb of fire
 79694 | Zot:5    | Killed an orb of fire
 79702 | Zot:5    | Killed an orb of fire
 80045 | Zot:5    | Killed an orb of fire
 80114 | Zot:5    | Noticed an orb of fire
 80217 | Zot:5    | Killed an orb of fire
 80452 | Zot:5    | Noticed an ancient lich
 80457 | Zot:5    | Killed an ancient lich
 80497 | Zot:5    | Noticed an ancient lich
 80509 | Zot:5    | Killed an ancient lich
 80741 | Zot:5    | Noticed an orb of fire
 80756 | Zot:5    | Killed an orb of fire
 80788 | Zot:5    | Noticed an orb of fire
 80799 | Zot:5    | Noticed an orb of fire
 80803 | Zot:5    | Gained mutation: You are extremely frail. (-30% HP) [an orb of fire]
 80810 | Zot:5    | Killed an orb of fire
 81087 | Zot:5    | Killed an orb of fire
 81676 | Depths:5 | Learned a level 1 spell: Summon Butterflies
 82046 | Slime:1  | Entered Level 1 of the Pits of Slime
 82066 | Slime:1  | Upgraded the game from 0.19-a0-1457-g32fba05 to 0.19-a0-1511-g16f215b
 82601 | Slime:5  | Entered Level 5 of the Pits of Slime
 82845 | Slime:5  | Noticed Dissolution
 83994 | Slime:4  | Paralysed by a giant eyeball for 3 turns
 84011 | Slime:4  | Paralysed by a giant eyeball for 4 turns
 84013 | Slime:4  | Killed Dissolution
 84358 | Slime:5  | Gained mutation: You are clumsy. (Dex -2) [a shining eye]
 84561 | Slime:5  | Gained mutation: Your magical capacity is very low. (-20% MP) [a shining eye]
 84845 | Slime:5  | Noticed the Royal Jelly
 84855 | Slime:5  | Found a viscous altar of Jiyva.
 84944 | Slime:5  | Killed the Royal Jelly
 85098 | Slime:5  | Got a slimy rune of Zot
 85100 | Slime:5  | Got a crude iron amulet
 85134 | Slime:5  | Learned a level 8 spell: Controlled Blink
 85147 | Slime:5  | Identified the amulet of Ludaemaf {Faith +Blink rF+ MR- Dex+8} (You found it on level 5 of the Pits of Slime)
 85187 | Slime:5  | Got a bound graven amulet
 85188 | Slime:5  | Identified the amulet of the Okapi {Gourm rPois Str+4 Int+4} (You found it on level 5 of the Pits of Slime)
 86122 | Vaults:5 | Entered Level 5 of the Vaults
 86398 | Vaults:5 | Reached skill level 10 in Translocations
 86422 | Vaults:5 | Mangled by a phantasmal warrior
 86821 | Vaults:5 | Reached skill level 15 in Translocations
 87399 | Vaults:4 | Killed from afar by a golden dragon
 87750 | Vaults:5 | HP: 1/92 [yaktaur captain/bolt (28)]
 88145 | Vaults:5 | Identified the Papyrus of the Lethal Volcanoes
 89065 | Vaults:5 | Found Imatsir's Magic Scroll Shoppe.
 89072 | Vaults:5 | Got a silver rune of Zot
 89079 | Vaults:5 | Found Godulura's Magic Scroll Shop.
 89095 | Vaults:5 | Found Casymel's Distillery.
 89095 | Vaults:5 | Found Xatac's Food Emporium.
 89111 | Vaults:5 | Found Zuguungepo's Magic Scroll Shoppe.
 89125 | Vaults:5 | Found Ybita's Food Emporium.
 89125 | Vaults:5 | Found Vezxutip's Food Boutique.
 89140 | Vaults:5 | Found Ebofekop's Distillery.
 89482 | Vaults:5 | Bought a potion of brilliance for 44 gold pieces
 89482 | Vaults:5 | Bought a potion of curing for 33 gold pieces
 89482 | Vaults:5 | Bought a potion of agility for 44 gold pieces
 89482 | Vaults:5 | Bought 2 potions of might for 88 gold pieces
 89482 | Vaults:5 | Bought a potion of curing for 33 gold pieces
 89482 | Vaults:5 | Bought a potion of might for 44 gold pieces
 89482 | Vaults:5 | Bought a potion of ambrosia for 88 gold pieces
 89482 | Vaults:5 | Bought a potion of might for 44 gold pieces
 89493 | Vaults:5 | Bought a scroll of magic mapping for 70 gold pieces
 89493 | Vaults:5 | Bought a scroll of identify for 40 gold pieces
 89493 | Vaults:5 | Bought a scroll of identify for 40 gold pieces
 89493 | Vaults:5 | Bought a scroll of remove curse for 60 gold pieces
 89493 | Vaults:5 | Bought a scroll of remove curse for 60 gold pieces
 89493 | Vaults:5 | Bought a scroll of identify for 40 gold pieces
 89500 | Vaults:5 | Bought a scroll of identify for 28 gold pieces
 89500 | Vaults:5 | Bought a scroll of blinking for 105 gold pieces
 89500 | Vaults:5 | Bought a scroll of identify for 28 gold pieces
 89500 | Vaults:5 | Bought a scroll of blinking for 105 gold pieces
 89500 | Vaults:5 | Bought a scroll of blinking for 105 gold pieces
 89500 | Vaults:5 | Bought a scroll of remove curse for 42 gold pieces
 89500 | Vaults:5 | Bought a scroll of identify for 28 gold pieces
 89500 | Vaults:5 | Bought a scroll of identify for 28 gold pieces
 89500 | Vaults:5 | Bought a scroll of remove curse for 42 gold pieces
 89500 | Vaults:5 | Bought a scroll of fog for 28 gold pieces
 89516 | Vaults:5 | Bought a potion of resistance for 230 gold pieces
 89516 | Vaults:5 | Bought a potion of resistance for 230 gold pieces
 89516 | Vaults:5 | Bought a potion of heal wounds for 115 gold pieces
 89516 | Vaults:5 | Bought a potion of agility for 92 gold pieces
 89516 | Vaults:5 | Bought a potion of might for 92 gold pieces
 89532 | Vaults:5 | Bought a scroll of torment for 112 gold pieces
 89532 | Vaults:5 | Bought a scroll of amnesia for 52 gold pieces
 89532 | Vaults:5 | Bought a scroll of identify for 30 gold pieces
 89532 | Vaults:5 | Bought a scroll of identify for 30 gold pieces
 89532 | Vaults:5 | Bought a scroll of identify for 30 gold pieces
 89532 | Vaults:5 | Bought a scroll of identify for 30 gold pieces
 89532 | Vaults:5 | Bought a scroll of torment for 112 gold pieces
 89693 | Vaults:5 | Bought a royal jelly for 22 gold pieces
 89693 | Vaults:5 | Bought a meat ration for 55 gold pieces
 89693 | Vaults:5 | Bought a meat ration for 55 gold pieces
 89693 | Vaults:5 | Bought a beef jerky for 16 gold pieces
 89693 | Vaults:5 | Bought a slice of pizza for 16 gold pieces
 89693 | Vaults:5 | Bought a beef jerky for 16 gold pieces
 89693 | Vaults:5 | Bought a beef jerky for 16 gold pieces
 89700 | Vaults:5 | Bought a meat ration for 70 gold pieces
 89700 | Vaults:5 | Bought a meat ration for 70 gold pieces
 89700 | Vaults:5 | Bought a beef jerky for 21 gold pieces
 89700 | Vaults:5 | Bought a beef jerky for 21 gold pieces
 89700 | Vaults:5 | Bought a beef jerky for 21 gold pieces
 89700 | Vaults:5 | Bought a beef jerky for 21 gold pieces
 89700 | Vaults:5 | Bought a beef jerky for 21 gold pieces
 89742 | Vaults:5 | Bought a royal jelly for 20 gold pieces
 89742 | Vaults:5 | Bought a royal jelly for 20 gold pieces
 89742 | Vaults:5 | Bought a meat ration for 50 gold pieces
 89742 | Vaults:5 | Bought a beef jerky for 15 gold pieces
 89742 | Vaults:5 | Bought a meat ration for 50 gold pieces
 89742 | Vaults:5 | Bought a meat ration for 50 gold pieces
 89742 | Vaults:5 | Bought a slice of pizza for 15 gold pieces
 89789 | Vaults:5 | Got a glittering golden amulet
 89790 | Vaults:5 | Identified the amulet "Orawuhuwn" {Harm *Contam *Drain rF+++ rC+++ Str-3} (You acquired it on level 5 of the Vaults)
 90332 | Zig:1    | Entered Level 1 of a ziggurat
 90354 | Zig:2    | Entered Level 2 of a ziggurat
 90381 | Zig:3    | Entered Level 3 of a ziggurat
 90606 | Zig:4    | Entered Level 4 of a ziggurat
 90645 | Zig:4    | Identified the Collected Works on Icy Malediction
 90774 | Zig:5    | Entered Level 5 of a ziggurat
 90953 | Zig:6    | Entered Level 6 of a ziggurat
 91028 | Zig:6    | Got a translucent platinum ring
 91030 | Zig:6    | Identified Vupt's Reference Book on Supportive Bewitchment
 91035 | Zig:6    | Identified the ring "Onogrol" {rN+++ Str+8 Dex-4 Slay-4 Stlth+} (You found it on level 6 of a ziggurat)
 91106 | Zig:7    | Entered Level 7 of a ziggurat
 91258 | Zig:8    | Entered Level 8 of a ziggurat
 91438 | Zig:9    | Entered Level 9 of a ziggurat
 91531 | Zig:9    | Got a bound iron ring
 91637 | Zig:10   | Entered Level 10 of a ziggurat
 91644 | Zig:10   | Noticed Atihicim the pandemonium lord
 91662 | Zig:10   | Killed Atihicim the pandemonium lord
 91739 | Zig:10   | Got a translucent pewter ring
 91749 | Zig:10   | Got a warped granite ring
 91948 | Zig:10   | Identified the ring of Huota {rF+ Int+4 Stlth+} (You found it on level 9 of a ziggurat)
 91949 | Zig:10   | Identified the ring of Conformity {*Confuse rF+ Str+5 Slay+2} (You found it on level 10 of a ziggurat)
 91950 | Zig:10   | Identified the ring of Baruru {rF+ rC+ EV+3 Stlth+} (You found it on level 10 of a ziggurat)
 91951 | Zig:10   | Lost mutation: Your magical capacity is very low. (-20% MP) [potion of cure mutation]
 91951 | Zig:10   | Lost mutation: Your spells are much easier to cast, but much less powerful. [potion of cure mutation]
 91951 | Zig:10   | Lost mutation: You expend magic power (3 MP) to strengthen your wands. [potion of cure mutation]
 91977 | Zig:11   | Entered Level 11 of a ziggurat
 92032 | Zig:11   | Identified Woxkicog's Incunabulum of Execration
 92296 | Zig:11   | Got a vibrating jade amulet
 92297 | Zig:11   | Identified the Volume of Stones and Enhancements
 92321 | Zig:11   | Identified the amulet "Pen Guat" {RegenMP -Tele rC+ Dex+2} (You found it on level 11 of a ziggurat)
 92332 | Zig:12   | Entered Level 12 of a ziggurat
 92346 | Zig:12   | Noticed an ancient lich
 92361 | Zig:12   | Noticed an ancient lich
 92366 | Zig:12   | Killed an ancient lich
 92380 | Zig:12   | Killed an ancient lich
 92404 | Zig:12   | Identified the Guide on Confrontation
 92526 | Zig:13   | Entered Level 13 of a ziggurat
 92546 | Zig:13   | Noticed Kuusi the pandemonium lord
 92561 | Zig:13   | Killed Kuusi the pandemonium lord
 92636 | Zig:13   | Got a slimy crystal amulet
 92644 | Zig:13   | Identified the amulet of Gyellik {+Rage rF+ Str+2 Dex+5} (You found it on level 13 of a ziggurat)
 92844 | Zig:14   | Entered Level 14 of a ziggurat
 92864 | Zig:14   | Noticed an ancient lich
 92864 | Zig:14   | Noticed an ancient lich
 92873 | Zig:14   | Killed an ancient lich
 92875 | Zig:14   | Killed an ancient lich
 92936 | Zig:14   | Identified the Grimoire of the Compass
 93064 | Zig:15   | Entered Level 15 of a ziggurat
 93169 | Zig:15   | Got a bound turquoise ring
 93175 | Zig:15   | Identified the ring of Dotue {+Inv Int-4 Dex+3 Stlth+} (You found it on level 15 of a ziggurat)
 93304 | Zig:15   | Lost mutation: You are extremely frail. (-30% HP) [potion of cure mutation]
 93304 | Zig:15   | Lost mutation: You are very frail. (-20% HP) [potion of cure mutation]
 93304 | Zig:15   | Lost mutation: Your body often deteriorates upon taking damage. [potion of cure mutation]
 93304 | Zig:15   | Lost mutation: You possess an exceptional clarity of mind. [potion of cure mutation]
 93398 | Zig:16   | Entered Level 16 of a ziggurat
 93415 | Zig:16   | Noticed an ancient lich
 93415 | Zig:16   | Noticed an ancient lich
 93419 | Zig:16   | Killed an ancient lich
 93426 | Zig:16   | Killed an ancient lich
 93633 | Zig:16   | Got a translucent emerald amulet
 93636 | Zig:16   | Identified the amulet "Xenk" {Faith Int+3 Dex+5 Stlth+} (You found it on level 16 of a ziggurat)
 93717 | Zig:17   | Entered Level 17 of a ziggurat
 93734 | Zig:17   | Noticed an ancient lich
 93737 | Zig:17   | Noticed an ancient lich
 93749 | Zig:17   | Killed an ancient lich
 93761 | Zig:17   | Killed an ancient lich
 93858 | Zig:17   | Identified The Arcane Secrets of Casting
 93937 | Zig:17   | Identified the Reference Book on Icy Shape Shifting
 94070 | Zig:17   | Identified Gyckiryi's Almanac of the Volcanoes and Changing (You acquired it on level 17 of a ziggurat)
 94080 | Zig:18   | Entered Level 18 of a ziggurat
 94128 | Zig:18   | Gained mutation: You are dopey. (Int -2) [mutagenic glow]
 94157 | Zig:18   | HP: 2/158 [titan/the air (38)]
 94158 | Zig:18   | Killed from afar by a titan
 94254 | Zig:18   | Identified the Almanac of the Endless Mice
 94460 | Pan      | Entered Pandemonium
 94657 | Pan      | Noticed Joxy the pandemonium lord
 94990 | Pan      | Found an exit through the horrors of the Abyss.
 95029 | Pan      | Gained mutation: You tend to lose your temper in combat. [a cacodemon]
 95063 | Pan      | Noticed Cicvypsa the pandemonium lord
 95072 | Pan      | Found an exit through the horrors of the Abyss.
 95776 | Pan      | Got a demonic rune of Zot
 95842 | Pan      | Noticed Zuzedug the pandemonium lord
 95872 | Pan      | Killed Zuzedug the pandemonium lord
 96378 | Pan      | Gained mutation: You are very clumsy. (Dex -4) [a cacodemon]
 96790 | Pan      | Found an exit through the horrors of the Abyss.
 97034 | Pan      | Noticed Pyongas the pandemonium lord
 97068 | Pan      | Killed Pyongas the pandemonium lord
 97450 | Pan      | Gained mutation: Your body often deteriorates upon taking damage. [a cacodemon]
 97496 | Pan      | Found an exit through the horrors of the Abyss.
 97619 | Pan      | Found an exit through the horrors of the Abyss.
 98141 | Pan      | Upgraded the game from 0.19-a0-1511-g16f215b to 0.19-a0-1532-g228a5d9
 98737 | Pan      | Noticed Mimustrec the pandemonium lord
 98759 | Pan      | Killed Mimustrec the pandemonium lord
 99023 | Pan      | Entered the realm of Gloorx Vloq.
 99045 | Pan      | Found an exit through the horrors of the Abyss.
100338 | Pan      | Reached skill level 27 in Stealth
100859 | Pan      | Noticed Gloorx Vloq
100947 | Pan      | Killed Gloorx Vloq
100959 | Pan      | Got a dark rune of Zot
101769 | Pan      | Entered the realm of Cerebov.
102109 | Pan      | Lost mutation: Your spells are easier to cast, but less powerful. [potion of cure mutation]
102109 | Pan      | Lost mutation: You are dopey. (Int -2) [potion of cure mutation]
102109 | Pan      | Lost mutation: Your body often deteriorates upon taking damage. [potion of cure mutation]
102109 | Pan      | Lost mutation: Your body sometimes deteriorates upon taking damage. [potion of cure mutation]
102109 | Pan      | Lost mutation: You are very weak. (Str -4) [potion of cure mutation]
102109 | Pan      | Lost mutation: Your spells are a little easier to cast, but a little less powerful. [potion of cure mutation]
102351 | Pan      | Identified the Grimoire of Snow and the Rocks
102497 | Pan      | Noticed Cerebov
102512 | Pan      | Killed Cerebov
102528 | Pan      | Identified Sif Muna's Catalogue of Assistive Transformation
102572 | Pan      | Got a fiery rune of Zot
102918 | Pan      | Found an exit through the horrors of the Abyss.
103681 | Pan      | Found a runed door.
104329 | Depths:3 | Escaped Pandemonium
104406 | Depths:5 | Learned a level 6 spell: Deflect Missiles
104522 | Pan      | Entered Pandemonium
104641 | Pan      | Reached skill level 27 in Fighting
104881 | Pan      | Found an exit through the horrors of the Abyss.
105110 | Pan      | Found an exit through the horrors of the Abyss.
105221 | Pan      | Found an exit through the horrors of the Abyss.
105241 | Pan      | Reached skill level 27 in Unarmed Combat
105334 | Pan      | Noticed Oluareur the pandemonium lord
105343 | Pan      | Killed Oluareur the pandemonium lord
105558 | Pan      | Reached skill level 27 in Dodging
105881 | Pan      | Found a runed door.
105881 | Pan      | Found an exit through the horrors of the Abyss.
106083 | Pan      | Entered the realm of Mnoleg.
106083 | Pan      | Noticed Mnoleg
106086 | Pan      | Killed Mnoleg
106233 | Pan      | Got a glowing rune of Zot
106331 | Pan      | Gained mutation: You are occasionally teleported next to monsters. [a neqoxec]
106365 | Pan      | Gained mutation: You expend magic power (3 MP) to strengthen your wands. [a neqoxec]
106498 | Pan      | Gained mutation: You are dopey. (Int -2) [a neqoxec]
106507 | Pan      | Gained mutation: Your magical capacity is very low. (-20% MP) [a neqoxec]
106627 | Pan      | Found an exit through the horrors of the Abyss.
106744 | Pan      | Entered the realm of Lom Lobon.
106781 | Pan      | Noticed Lom Lobon
107264 | Pan      | Found an exit through the horrors of the Abyss.
107276 | Pan      | Reached skill level 15 in Necromancy
107573 | Pan      | Reached skill level 15 in Charms
108388 | Pan      | Killed Lom Lobon
108404 | Pan      | Got a magical rune of Zot
108534 | Depths:2 | Escaped Pandemonium
108686 | Hell     | Entered the Vestibule of Hell
108691 | Hell     | Noticed Geryon
108890 | Hell     | Killed Geryon
108908 | Hell     | Noticed Ishikai's ghost (legendary DgEE)
108959 | Hell     | Upgraded the game from 0.19-a0-1532-g228a5d9 to 0.19-a0-1553-g64c24c3
109062 | Hell     | Found a gateway to the freezing wastes of Cocytus.
110436 | Tomb:1   | Noticed a greater mummy
110453 | Tomb:1   | Killed a greater mummy
110464 | Tomb:1   | Noticed a greater mummy
110484 | Tomb:1   | Killed a greater mummy
111234 | Tomb:2   | Noticed a greater mummy
111237 | Tomb:2   | Noticed an ancient lich
111238 | Tomb:2   | Noticed a greater mummy
111243 | Tomb:2   | Noticed a greater mummy
111259 | Tomb:1   | Killed an ancient lich
111403 | Tomb:2   | Gained mutation: Your body sometimes deteriorates upon taking damage. [a neqoxec]
111524 | Tomb:1   | Killed a greater mummy
111531 | Tomb:1   | Killed a greater mummy
111666 | Tomb:2   | Killed a greater mummy
112513 | Tomb:1   | Noticed a greater mummy
112514 | Tomb:1   | Upgraded the game from 0.19-a0-1553-g64c24c3 to 0.19-a0-1568-gdd01aac
112516 | Tomb:1   | Noticed a greater mummy
112517 | Tomb:1   | Killed a greater mummy
112531 | Tomb:1   | Killed a greater mummy
112586 | Tomb:1   | Noticed a greater mummy
112802 | Tomb:1   | Killed a greater mummy
112948 | Tomb:1   | Noticed a greater mummy
112962 | Tomb:1   | Killed a greater mummy
113007 | Tomb:1   | Noticed a greater mummy
113020 | Tomb:1   | Killed a greater mummy
113188 | Tomb:1   | Noticed a greater mummy
113197 | Tomb:1   | Killed a greater mummy
113260 | Tomb:1   | Noticed a greater mummy
113266 | Tomb:1   | Noticed a greater mummy
113267 | Tomb:1   | Killed a greater mummy
113267 | Tomb:1   | Reached skill level 1 in Summonings
113318 | Tomb:1   | Noticed a greater mummy
113333 | Tomb:1   | Killed a greater mummy
113336 | Tomb:1   | Noticed a greater mummy
113341 | Tomb:1   | Killed a greater mummy
113381 | Tomb:1   | Killed a greater mummy
113392 | Tomb:1   | Noticed a greater mummy
113408 | Tomb:1   | Killed a greater mummy
113474 | Tomb:2   | Upgraded the game from 0.19-a0-1568-gdd01aac to 0.19-a0-1654-g9d3f708
114043 | Tomb:2   | Upgraded the game from 0.19-a0-1654-g9d3f708 to 0.19-a0-1670-gc28a5d9
114043 | Tomb:2   | Upgraded the game from 0.19-a0-1670-gc28a5d9 to 0.19-a0-1686-g35356ef
114046 | Tomb:3   | Entered Level 3 of the Tomb of the Ancients
114056 | Tomb:3   | Reached skill level 5 in Summonings
114081 | Tomb:3   | Noticed a greater mummy
114089 | Tomb:3   | Noticed a greater mummy
114099 | Tomb:3   | Noticed a greater mummy
114276 | Tomb:2   | Killed a greater mummy
114290 | Tomb:3   | Noticed a greater mummy
114301 | Tomb:2   | Killed a greater mummy
114550 | Tomb:2   | Killed a greater mummy
114569 | Tomb:2   | Killed a greater mummy
115948 | Tomb:3   | Noticed a greater mummy
115954 | Tomb:3   | Killed a greater mummy
116062 | Tomb:3   | Noticed a greater mummy
116072 | Tomb:3   | Killed a greater mummy
116278 | Tomb:3   | Identified the Compendium of Ghastly Protection
116285 | Tomb:3   | Identified the Compendium of Earth and the Compass
116420 | Tomb:3   | Noticed a greater mummy
116430 | Tomb:3   | Killed a greater mummy
116458 | Tomb:3   | Noticed a greater mummy
116481 | Tomb:3   | Killed a greater mummy
116589 | Tomb:3   | Noticed a greater mummy
116592 | Tomb:3   | Killed a greater mummy
116631 | Tomb:3   | Got a golden rune of Zot
117315 | D:13     | Learned a level 6 spell: Shadow Creatures
117730 | Depths:3 | Learned a level 5 spell: Yara's Violent Unravelling
117827 | Hell     | Killed Ishikai's ghost
117997 | Depths:3 | Reached skill level 10 in Summonings
118129 | Hell     | Found a gateway to the decaying netherworld of Tartarus.
118311 | Hell     | Found a gateway to the Iron City of Dis.
118428 | Hell     | Found a gateway to the ashen valley of Gehenna.
118513 | Zig:1    | Entered Level 1 of a ziggurat
118513 | Zig:1    | Noticed a shard shrike
118519 | Zig:1    | Killed a shard shrike
118534 | Zig:2    | Entered Level 2 of a ziggurat
118570 | Zig:2    | Lost mutation: You tend to lose your temper in combat. [potion of cure mutation]
118570 | Zig:2    | Lost mutation: You are very clumsy. (Dex -4) [potion of cure mutation]
118570 | Zig:2    | Lost mutation: You are frail. (-10% HP) [potion of cure mutation]
118570 | Zig:2    | Lost mutation: Your body sometimes deteriorates upon taking damage. [potion of cure mutation]
118606 | Zig:3    | Entered Level 3 of a ziggurat
118626 | Zig:3    | Identified the Guide on Evil Moulding
118795 | Zig:4    | Entered Level 4 of a ziggurat
118953 | Zig:5    | Entered Level 5 of a ziggurat
119205 | Zig:6    | Entered Level 6 of a ziggurat
119354 | Zig:7    | Entered Level 7 of a ziggurat
119371 | Zig:7    | Gained mutation: You are very dopey. (Int -4) [a shining eye]
119555 | Zig:8    | Entered Level 8 of a ziggurat
119592 | Zig:8    | Identified Cuggaant's Grimoire of Transmutation
119780 | Zig:9    | Entered Level 9 of a ziggurat
119830 | Zig:9    | Identified the Compendium of the Spatial Volcanoes
119948 | Zig:10   | Entered Level 10 of a ziggurat
120126 | Zig:11   | Entered Level 11 of a ziggurat
120152 | Zig:11   | Reached skill level 15 in Summonings
120436 | Zig:12   | Entered Level 12 of a ziggurat
120554 | Zig:12   | Got a crude graven amulet
121031 | Zig:12   | Identified the amulet "Vocos" {Reflect *Slow rC++ SH+2} (You found it on level 12 of a ziggurat)
121033 | Zig:13   | Entered Level 13 of a ziggurat
121067 | Zig:13   | Identified the Papyrus of Atheism
121335 | Zig:14   | Entered Level 14 of a ziggurat
121345 | Zig:14   | Noticed Nuip the pandemonium lord
121349 | Zig:14   | Noticed Jurouw the pandemonium lord
121351 | Zig:14   | Noticed Xacabuj the pandemonium lord
121359 | Zig:14   | Noticed Foshremi the pandemonium lord
121361 | Zig:14   | Identified the Incunabulum of Transmutation and Calling
121364 | Zig:15   | Entered Level 15 of a ziggurat
121583 | Zig:15   | Noticed a shard shrike
121583 | Zig:15   | Noticed a shard shrike
121594 | Zig:15   | Killed a shard shrike
121601 | Zig:15   | Killed a shard shrike
121719 | Zig:15   | Got a glittering zirconium amulet
121721 | Zig:15   | Identified The Advanced Guide to Witchery
121963 | Zig:15   | Identified the amulet "Bekot" {Dismiss +Inv rC- Str+4 Dex+3} (You found it on level 15 of a ziggurat)
122148 | Zig:16   | Entered Level 16 of a ziggurat
122572 | Zig:16   | Lost mutation: Your magical capacity is very low. (-20% MP) [potion of cure mutation]
122572 | Zig:16   | Lost mutation: Your magical capacity is low. (-10% MP) [potion of cure mutation]
122572 | Zig:16   | Lost mutation: You are clumsy. (Dex -2) [potion of cure mutation]
122572 | Zig:16   | Lost mutation: You regenerate slowly when monsters are visible. [potion of cure mutation]
122572 | Zig:16   | Lost mutation: You are very dopey. (Int -4) [potion of cure mutation]
122572 | Zig:16   | Lost mutation: You are occasionally teleported next to monsters. [potion of cure mutation]
122621 | Zig:16   | Learned a level 9 spell: Dragon's Call
122629 | Zig:16   | Upgraded the game from 0.19-a0-1686-g35356ef to 0.19-a0-1704-gbd66c22
122678 | Zig:17   | Entered Level 17 of a ziggurat
123259 | Depths:3 | Gained mutation: You possess an exceptional clarity of mind. [potion of beneficial mutation]
123269 | Depths:3 | Learned a level 2 spell: Blink
123373 | Dis:1    | Entered Level 1 of the Iron City of Dis
124494 | Dis:7    | Entered Level 7 of the Iron City of Dis
125068 | Dis:7    | Noticed Dispater
125143 | Dis:7    | Killed Dispater
125157 | Dis:7    | Got an iron rune of Zot
125183 | Dis:7    | Mangled by an iron giant
125458 | Dis:7    | Got a heavily runed bronze ring
125459 | Dis:7    | Identified the ring of Ykhloid {+Fly rN++ Stlth+} (You found it on level 7 of the Iron City of Dis)
125560 | Dis:7    | Identified Sif Muna's Volume of the Unholy Glacier
125764 | Tar:1    | Entered Level 1 of Tartarus
127373 | Tar:7    | Entered Level 7 of Tartarus
128117 | Tar:7    | Noticed Ereshkigal
128123 | Tar:7    | Killed Ereshkigal
128143 | Tar:7    | Got a bone rune of Zot
128147 | Tar:7    | Got a coiled platinum amulet
128149 | Tar:7    | Identified the Grimoire of the Traveller
128168 | Tar:7    | Identified the amulet "Riradd" {rN++ Regen+ Dex+2} (You found it on level 7 of Tartarus)
128613 | Geh:1    | Entered Level 1 of Gehenna
128850 | Geh:7    | Entered Level 7 of Gehenna
129006 | Geh:7    | Killed from afar by a Brimstone Fiend
129073 | Geh:7    | Noticed the Serpent of Hell
129085 | Geh:7    | Killed the Serpent of Hell
129187 | Geh:7    | HP: 8/210 [reaper/scythe of venom (42)]
129188 | Geh:7    | Killed from afar by a balrug
129302 | Geh:7    | Got a scintillating marble ring
129303 | Geh:7    | Identified the ring of the Raven {*Drain +Blink Str-4 Int+7 Slay+4 Stlth-} (You found it on level 7 of Gehenna)
129326 | Geh:7    | Noticed Asmodeus
129346 | Geh:7    | Killed Asmodeus
129346 | Geh:7    | Reached skill level 27 in Summonings
129359 | Geh:7    | Got an obsidian rune of Zot
129363 | Geh:7    | Killed from afar by a Brimstone Fiend

Vault maps used:
D:1:      lightli_arrival_flooded_house, eino_curves_03
D:2:      first_bread, minmay_newt_pond
D:3:      gammafunk_pakellas_cloud_experiment, lightli_temple_of_fire
D:4:      kennysheep_spiral_hall, serial_undead, serial_undead_c,
          serial_undead_f, serial_undead_a, serial_undead_a, elyvilon_altar_4,
          uniq_sigmund, uniq_pikel, uniq_grinder
D:5:      gammafunk_temple_overflow_pools, serial_shops, shop_scrolls,
          uniq_crazy_yiuf_cottage, uniq_eustachio, uniq_blork_the_orc
D:6:      slow_altar_1, uniq_edmund
D:7:      nicolae_overflow_hidden_temple, minmay_tree_intersection,
          grunt_ogre_cave
D:8:      nicolae_ossuary_entry_giza, uniq_grum, uniq_gastronok
D:9:      minmay_orc_keep, uniq_erolcha
D:11:     minmay_lair_entry_lava, serial_ice, serial_ice_b, serial_ice_i,
          serial_ice_c, serial_ice_d, roderic_lattice_a, fungi_pond_lemuel
D:12:     kennysheep_orc_monster_closet_entryway, uniq_rupert
D:13:     david_vaults_2, basic_altar, nicolae_trove_entry_path_of_doom,
          fake_guardian_serpent_vault
D:14:     serial_shops, nicolae_shop_crystal
D:15:     grunt_enter_depths_snipers, hangedman_decor_diamond_cutter,
          serial_bayou_crossing, uniq_nessos
Temple:   cyrus_circular_temple
Lair:2:   spider_nest_entry_webs, grunt_megastairs_1
Lair:3:   nicolae_swamp_entry_splash_gauntlet, portal_ice_cave_entry_imps,
          minivault_23
Lair:4:   statuecave_lemuel, st_stairs_5, serial_bayou_shore_a
Lair:5:   special_room, uniq_snorg
Lair:6:   hangedman_lair_caniforms_friends, hangedman_lair_tendril_chambers,
          slime_dummy
Swamp:1:  serial_swamp_ruin, evilmike_swamp_ruin_house_2,
          evilmike_swamp_ruin_house_4, infiniplex_staircase_pool_2
Swamp:2:  evilmike_swamp_ruin_house_5, lightli_tree_ring
Swamp:3:  evilmike_swamp_ruin_rubble_2, swamp_pool1
Swamp:4:  swamp_basic_johnstein
Spider:1: nicolae_spider_mines_1
Spider:3: uniq_kirke, uniq_roxanne
Spider:4: guppyfry_spider_rune, nicolae_spider_circle_web
Slime:1:  basic_altar
Slime:5:  uniq_dissolution
Orc:2:    pf_orc_diabolical
Elf:1:    minmay_elf_necromancy, minmay_shop_grid_forest, spider_trap,
          hangedman_elf_targetted_burst
Elf:2:    basic_altar
Elf:3:    minmay_elf_hall_not_hex, minivault_26
Vaults:1: hangedman_vaults_corner, hangedman_vaults_river_flow,
          vaults_room_door_ring, grunt_vaults_focal,
          vaults_room_grunt_arrival_ludios, nicolae_vaults_alarming,
          vaults_dpeg_diagonal, v_misc_5, uniq_nikola
Vaults:2: nicolae_vaults_little_squares_6, minmay_crypt_entry_simple_walls,
          v_misc_9, vaults_dpeg_spiral, vaults_room_glass_cross,
          nicolae_vaults_big_ls, nicolae_vaults_angled_halls,
          nicolae_vaults_network_s, hangedman_vaults_slice, serial_shops,
          nicolae_shop_statue_plus
Vaults:3: nicolae_vaults_border_crossing, v_rooms_3, vaults_room_ringed_pool,
          nicolae_vaults_little_squares_4, ontoclasm_vaults_hangar,
          st_greater_box_3, hangedman_vaults_capsules,
          ontoclasm_vaults_ring_small, nicolae_vaults_diagonal_hallway_8,
          v_misc_25, ontoclasm_vaults_ligature,
          nicolae_vaults_mini_display_case, nicolae_vaults_sealed_display,
          serial_shops, nicolae_shop_overgrown_old_shop, uniq_mennas
Vaults:4: hangedman_vaults_hard_town_square, nicolae_vaults_diagonal_hallway_8,
          hangedman_vaults_slice, grunt_vaults_hallway_short, v_misc_27,
          nicolae_vaults_little_squares_5, vaults_mumra_minichess_inversion,
          v_misc_23, nicolae_vaults_network_square,
          nicolae_vaults_big_angled_halls, v_misc_17, grunt_vaults_hallway_long,
          vaults_room_semicircle
Crypt:1:  small_statue_intersection
Crypt:2:  minicrypt_bobbens
Crypt:3:  grunt_crypt_end_deaths_head
Depths:1: minmay_misc_feat_secret_circle, pf_vacation_house_of_asmodeus,
          dpeg_stationary_puzzle, uniq_aizul, uniq_enchantress
Depths:2: evilmike_horseshoe, pf_coc_iceberg, glass_columns_c,
          grunt_pan_entry_in_and_out
Depths:3: minmay_guarded_unrand_guard, enter_ziggurat_d, hell_entry,
          rand_demon_pan_entry_8, nicolae_abyss_entry_one_way_or_another,
          kennysheep_doodads, infiniplex_staircase_trident, minmay_shop_star
Depths:4: lemuel_river_lethe, hell_entry, abyss_entry
Depths:5: grunt_zot_entry_tricorne, cheibriados_altar_1, lightli_too_deep,
          abyss_entry
Dis:5:    hangedman_player_shredder
Dis:6:    kennysheep_iron_temple
Dis:7:    iron_city_of_dis
Geh:1:    nicolae_geh_fiery_graves, nicolae_geh_single_fiery_grave
Geh:4:    gehenna_fire_generator
Geh:7:    geh_grunt
Tar:7:    tar_minmay_river
Zot:2:    grunt_zot_stairs_mandelzot
Zot:3:    st_stairs_11
Zot:4:    lemuel_lake_of_fire, grunt_megastairs_2
Abyss:3:  evilmike_abyss_exit_12, evilmike_abyss_rune_siren_acolytes
Abyss:4:  minivault_28, hangedman_abyss_or_decor_jellyfish_corner,
          hangedman_abyss_rune_macabre_mess
Pan:      evilmike_mini_pan_V, evilmike_mini_pan_doors, reaverb_pan_squares,
          nicolae_pan_hourglass, regret_index_pan_draining_boxed,
          pan_blood_fountain_small, evilmike_mini_pan_other_thingy,
          nicolae_pan_sick_transit, evilmike_mini_pan_corner, rand_demon_2,
          rand_demon_5, evilmike_mini_pan_T, evilmike_gloorx_vloq_box,
          evilmike_mini_pan_possible_glass, cerebov_st, rand_demon_2,
          evilmike_mini_pan_possible_glass, pan_blood_fountain_small,
          evilmike_mini_pan_doors, special_room, rand_demon_9,
          reaverb_pan_chaos_star, nicolae_pan_door_chamber,
          nicolae_pan_strange_glyphs, evilmike_mini_pan_pillars,
          nicolae_pan_double_arrow, pan_blood_fountain,
          evilmike_mini_pan_corridor, lemuel_hall_of_pain,
          nicolae_pan_cerebovesque_2, nicolae_pan_sigil_nadil,
          grunt_pan_pentagram, rand_demon_4, evilmike_mini_pan_corner,
          pan_blood_fountain, evilmike_mini_pan_3x3, pan_blood_fountain_small,
          rand_demon_9, nicolae_pan_giant_door, pan_blood_fountain_small,
          evilmike_mnoleg_eyes, rand_demon_5, pan_captured_pigsty,
          lom_lobon_grunt, pan_blood_fountain_small, nicolae_pan_lom_lobonic_3,
          nicolae_pan_sigil_nadil
Zig:8:    ziggurat_pillar_centre_smoke
Zig:10:   ziggurat_pillar_centre_c
Zig:13:   ziggurat_pillar_centre_dead_trees
Zig:17:   ziggurat_pillar_centre_oklobs
Ossuary:  ossuary_minmay_tomb_2a
IceCv:    ice_cave_tombish

Skill      XL: |  1  2  3  4  5  6  7  8  9 10 11 12 13 14 15 16 17 18 19 20 21 22 23 24 25 |
---------------+----------------------------------------------------------------------------+-----
Transmutations | 3 4 5 7 8 12 13 11 15 16 18 19 20 22 | 22.0
Dodging        | 3 4 6 7 8 9 10 11 12 14 15 16 17 18 19 20 27 | 27.0
Stealth        | 1 2 3 5 6 8 9 10 12 13 15 16 17 18 19 20 27 | 27.0
Fighting       | 2 3 4 6 7 8 10 11 12 13 15 16 17 19 20 27 | 27.0
Unarmed Combat | 4 5 7 9 10 11 12 13 15 16 17 19 20 27 | 27.0
Spellcasting   | 5 7 9 10 12 13 14 24 | 24.0
Earth Magic    | 6 7 |  7.6
Hexes          | 10 11 12 | 12.0
Necromancy     | 2 7 10 11 15 | 15.5
Charms         | 6 10 11 17 | 17.5
Translocations | 21 | 21.2
Summonings     | 27 | 27.0

Action                   |  1- 3 |  4- 6 |  7- 9 | 10-12 | 13-15 | 16-18 | 19-21 | 22-24 | 25-27 || total
-------------------------+-------+-------+-------+-------+-------+-------+-------+-------+-------++-------
Melee: Unarmed           |   116 |   192 |   281 |  1132 |  1946 |  1083 |  1680 |  1181 |  5539 || 13150
       Bite              |     9 |    10 |    12 |   104 |   152 |   112 |   170 |   130 |   635 ||  1334
       Headbutt          |     8 |     9 |     3 |     1 |       |       |       |       |       ||    21
       Punch             |     1 |     1 |     6 |    44 |    97 |    62 |   147 |   110 |   534 ||  1002
       Tailslap          |       |       |       |       |       |     9 |    16 |    37 |   176 ||   238
 Cast: Beastly Appendage |    20 |    15 |     3 |     1 |     6 |       |       |       |       ||    45
       Spider Form       |     5 |    29 |    13 |     7 |       |       |       |       |       ||    54
       Blade Hands       |       |       |    28 |   117 |    23 |     6 |     4 |       |     9 ||   187
       Ice Form          |       |       |       |     2 |     3 |    63 |     7 |     7 |     4 ||    86
       Statue Form       |       |       |       |    14 |   169 |   106 |   116 |    79 |   328 ||   812
       Invisibility      |       |       |       |       |    19 |    13 |    25 |    12 |    31 ||   100
       Dragon Form       |       |       |       |       |       |    13 |    22 |    28 |   186 ||   249
       Darkness          |       |       |       |       |       |     4 |     1 |     6 |   155 ||   166
       Passwall          |       |       |       |       |       |       |     2 |     1 |     8 ||    11
       Haste             |       |       |       |       |       |       |       |     1 |   100 ||   101
       Blink             |       |       |       |       |       |       |       |     1 |     3 ||     4
       Repel Missiles    |       |       |       |       |       |       |       |     1 |     9 ||    10
       Controlled Blink  |       |       |       |       |       |       |       |       |    56 ||    56
       Deflect Missiles  |       |       |       |       |       |       |       |       |     9 ||     9
       Summon Butterflie |       |       |       |       |       |       |       |       |     8 ||     8
       Shadow Creatures  |       |       |       |       |       |       |       |       |     7 ||     7
       Dragon's Call     |       |       |       |       |       |       |       |       |     2 ||     2
Invok: Reject Sacrifices |       |       |     1 |     2 |     2 |     2 |       |       |       ||     7
       Sacrifice Experie |       |       |       |     1 |       |       |       |       |       ||     1
       Sacrifice an Eye  |       |       |       |     1 |       |       |       |       |       ||     1
       Draw Out Power    |       |       |       |       |     9 |     5 |     8 |    12 |    64 ||    98
       Sacrifice Health  |       |       |       |       |     1 |       |       |       |       ||     1
       Power Leap        |       |       |       |       |     7 |     1 |       |       |       ||     8
       Apocalypse        |       |       |       |       |     1 |       |     5 |     3 |    33 ||    42
       Sacrifice Artific |       |       |       |       |     1 |       |       |       |       ||     1
       Sacrifice Purity  |       |       |       |       |       |       |     1 |       |       ||     1
 Abil: End Transformatio |     1 |    13 |    27 |    88 |    79 |    64 |    77 |    76 |   254 ||   679
       Breathe Fire      |       |       |       |       |       |       |     2 |       |    11 ||    13
Evoke: Wand              |       |       |       |     3 |     1 |       |       |       |       ||     4
       Figurine of a zig |       |       |       |       |       |       |       |       |     1 ||     1
  Use: Scroll            |     2 |     1 |    18 |    16 |    18 |     3 |     6 |     6 |    52 ||   122
       Potion            |     1 |     3 |     4 |    20 |    15 |     9 |    10 |    20 |    75 ||   157
 Stab: Sleeping          |     1 |     5 |    24 |    67 |    62 |    41 |    78 |    17 |   135 ||   430
       Distracted        |       |       |       |    11 |    15 |    12 |    26 |    15 |    98 ||   177
       Invisible         |       |       |       |       |    57 |    65 |    78 |    46 |   175 ||   421
       Paralysed         |       |       |       |       |     2 |     3 |    12 |    11 |    76 ||   104
       Confused          |       |       |       |       |       |     1 |       |     1 |       ||     2
       Petrified         |       |       |       |       |       |       |       |       |     1 ||     1
  Eat: Chunk             |    12 |     8 |    24 |    66 |   158 |    84 |    79 |    48 |   222 ||   701
       Royal jelly       |       |       |       |     1 |       |       |     9 |     3 |    10 ||    23
       Pizza             |       |       |       |       |       |     4 |     4 |     1 |     9 ||    18
       Beef jerky        |       |       |       |       |       |       |       |     4 |    37 ||    41
       Meat ration       |       |       |       |       |       |       |       |     1 |       ||     1
Armor: Skin              |     4 |    13 |    22 |   247 |   601 |   275 |   350 |   316 |  1177 ||  3005
Dodge: Dodged            |   107 |   132 |   190 |  1225 |  2640 |  1258 |  1470 |  1355 |  6332 || 14709
       Deflected         |       |       |       |       |       |       |       |     9 |    78 ||    87
